 Dungeon Crawl Stone Soup version 0.31-a0-764-g8440623082 (webtiles) character file.

Game seed: 9754615042556004501

1804551 EnegeticOcto the Toy (level 27, 302/302 HPs)
             Began as a Demonspawn Chaos Knight on Sept 15, 2023.
             Was a Favourite Plaything of Xom.
             Escaped with the Orb
             ... and 3 runes!
             The game lasted 01:45:09 (61294 turns).

EnegeticOcto the Toy (Demonspawn Chaos Knight)     Turns: 61294, Time: 01:45:10

Health: 302/302    AC: 42    Str: 22    XL:     27
Magic:  40/40      EV: 23    Int: 20    God:    Xom [.....*]
Gold:   3258       SH: 23    Dex: 21    Spells: 23/26 levels left

rFire   + .          .
                       - Unarmed
rCold   + + .        d - +5 kite shield {AC+3}
rNeg    + . .        t - melded +6 plate armour of the Hanged Man {rN+ Int+2 Slay+3}
rPois   ∞            (helmet unavailable)
rElec   +            m - +2 cloak "Daroifou" {Rampage rC++ Dex-2}
rCorr   .            W - melded +2 pair of gloves "Plog" {Contam rF+++ rN+++ Int-2}
SInv    +            R - melded +2 pair of boots {Fly}
Will    +++..        q - amulet "Zosos" {RegenMP rPois rC+ Will+}
Stlth   +            F - ring "Cianoxyn" {rPois rF+ SInv}
HPRegen 0.70/turn    P - ring of Yvihodghy {rF+ Str+4 Slay+4}
MPRegen 0.94/turn

%: guardian spirit, rampage, wizardry (x1)
@: statue-form, studying 2 skills, very slow
A: slow and powerful, torment resistance 1, boosted hp, horns 3, icemail 2,
magic shield, magic regeneration, magic link, black mark, big brain 3,
condensation shield, bedeviling, aura of silence, hooves 1, agile 1, sense
surroundings 1, teleportitis 1, cold vulnerability 1, heat vulnerability 1,
inability to drink after injury 1, devolution 1
0: Orb of Zot
}: 3/15 runes: serpentine, barnacled, silver
a: Begin Untransformation, Renounce Religion


You escaped.
You worshipped Xom.
You were Xom's teddy bear.
You were a living statue of rough stone.
You visited 10 branches of the dungeon, and saw 50 of its levels.
You also visited: Trove, Gauntlet, Ice Cave and Desolation.

You collected 9123 gold pieces.
You spent 5865 gold pieces at shops.

Inventory:

Missiles
 o - 4 curare-tipped darts
 T - 14 throwing nets {!f}
Armour
 d - a +5 kite shield of protection (worn)
   (You found it in a treasure trove)
 m - the +2 cloak "Daroifou" (worn) {Rampage rC++ Dex-2}
   (You found it in a treasure trove)

   Dex-2:     It affects your dexterity (-2).
   rC++:      It greatly protects you from cold.
   Rampage:   It bestows one free step when moving towards enemies.
 t - the +6 plate armour of the Hanged Man (melded) {rN+ Int+2 Slay+3}
   (You found it in a treasure trove)

   Int+2:     It affects your intelligence (+2).
   Slay+3:    It affects your accuracy & damage with ranged weapons and melee
   (+3).
   rN+:       It protects you from negative energy.
 O - a +2 cloak of willpower
   (You found it in a treasure trove)
 R - a +2 pair of boots of flying (melded)
   (You found it in a treasure trove)
 W - the +2 pair of gloves "Plog" (melded) {Contam rF+++ rN+++ Int-2}
   (You acquired it on level 3 of the Depths)

   Int-2:     It affects your intelligence (-2).
   rF+++:     It renders you almost immune to fire.
   rN+++:     It renders you almost immune to negative energy.
   Contam:    It causes magical contamination when unequipped.
Jewellery
 n - a +5 ring of evasion
   (You found it on level 2 of the Dungeon)
 q - the amulet "Zosos" (around neck) {RegenMP rPois rC+ Will+}
   (You took it off a meliai on level 4 of the Lair of Beasts)

   [amulet of magic regeneration]

   RegenMP:   It increases your rate of magic regeneration.
   rC+:       It protects you from cold.
   rPois:     It protects you from poison Will+: It increases your willpower.
 v - the ring "Moczoc" {Fly rCorr Str+6 Slay+3}
   (You took it off an imperial myrmidon in the Desolation of Salt)

   [ring of strength]

   Str+6:     It affects your strength (+6).
   Slay+3:    It affects your accuracy & damage with ranged weapons and melee
   (+3).
   Fly:       It grants you flight.
   rCorr:     It protects you from acid and corrosion.
 w - a +4 ring of protection
   (You found it on level 1 of the Depths)
 F - the ring "Cianoxyn" (left fist) {rPois rF+ SInv}
   (You found it in the Desolation of Salt)

   [ring of poison resistance]

   rF+:       It protects you from fire.
   rPois:     It protects you from poison SInv: It lets you see invisible.
 P - the ring of Yvihodghy (right fist) {rF+ Str+4 Slay+4}
   (You found it on level 3 of the Elven Halls)

   [ring of slaying]

   Str+4:     It affects your strength (+4).
   Slay+4:    It affects your accuracy & damage with ranged weapons and melee
   (+4).
   rF+:       It protects you from fire.
 S - a ring of positive energy
   (You found it on level 4 of the Depths)
 Y - the ring of the Burning God {rPois rC+ Dex+5}
   (You took it off a yaktaur captain on level 5 of the Vaults)

   [ring of protection from cold]

   Dex+5:     It affects your dexterity (+5).
   rC+:       It protects you from cold.
   rPois:     It protects you from poison
Talismans
 z - a granite talisman (active)
   (You took it off Roxanne on level 1 of the Shoals)
Wands
 j - a wand of digging (23) {@v3}
   (You found it on level 3 of the Lair of Beasts)
 B - a wand of polymorph (9)
   (You found it on level 4 of the Snake Pit)
 D - a wand of paralysis (40)
   (You found it on level 5 of the Dungeon)
 L - a wand of flame (79) {@v4}
   (You bought it in a shop on level 2 of the Orcish Mines)
 Q - a wand of roots (21) {@v2}
   (You found it on level 1 of the Snake Pit)
 V - a wand of mindburst (45)
   (You found it on level 2 of the Lair of Beasts)
 X - a wand of light (48) {@v1}
   (You found it on level 2 of the Lair of Beasts)
Scrolls
 b - 3 scrolls of butterflies
 c - 6 scrolls of poison
 g - 5 scrolls of teleportation {@r3 !r}
 l - 7 scrolls of immolation
 r - 12 scrolls of fog {!r}
 s - 2 scrolls of revelation {@r5 !r}
 x - 3 scrolls of torment
 C - 4 scrolls of blinking {@r4}
 N - 2 scrolls of vulnerability
 U - 9 scrolls of fear {!r}
 Z - a scroll of silence {!r}
Potions
 a - 3 potions of invisibility
 e - 12 potions of curing {@q1 !q}
 h - 4 potions of berserk rage
 k - 2 potions of haste {@q4 !q}
 p - 8 potions of magic
 u - 11 potions of heal wounds {@q2 !q}
 A - 7 potions of lignification {@q6}
 E - 4 potions of cancellation
 G - a potion of mutation
 H - 4 potions of ambrosia
 I - 2 potions of resistance
 J - 8 potions of enlightenment
 K - 11 potions of might {@q3 !q}
 M - 11 potions of attraction
Miscellaneous
 f - a condenser vane
   (You found it on level 2 of the Lair of Beasts)
 i - a phial of floods
   (You bought it in a shop on level 2 of the Orcish Mines)
 y - a box of beasts (inert)
   (You found it in the Desolation of Salt)


   Skills:
 + Level 22.4 Fighting
 - Level 8.0 Armour
 + Level 15.6 Dodging
 - Level 2.0 Stealth
 - Level 14.0 Shields
 + Level 23.3 Unarmed Combat
 - Level 6.0 Translocations
 O Level 27 Invocations
 - Level 13.0 Evocations
 - Level 17.0 Shapeshifting


You had 23 spell levels left.
You knew the following spells:

 Your Spells              Type           Power      Damage    Failure   Level
a - Apportation           Tloc           48%        N/A       1%          1
Y - Blink                 Tloc           48%        N/A       1%          2

Your spell library contained the following spells:

 Spells                   Type           Power      Damage    Failure   Level
 Lesser Beckoning         Tloc           48%        N/A       1%          2
 Gell's Gravitas          Tloc           24%        N/A       3%          3
 Teleport Other           Tloc           24%        N/A       3%          3
 Manifold Assault         Tloc           24%        N/A       11%         4
 Foxfire                  Conj/Fire      0%         2x1d4     12%         1
 Freeze                   Ice            0%         1d3       12%         1
 Magic Dart               Conj           0%         1d3       12%         1
 Necrotise                Necr           0%         1d4       12%         1
 Shock                    Conj/Air       0%         1d3       12%         1
 Slow                     Hex            0%         N/A       12%         1
 Summon Small Mammal      Summ           0%         N/A       12%         1
 Call Imp                 Summ           0%         N/A       17%         2
 Cigotuvi's Dreadful Rot  Necr/Pois/Air  0%         N/A       17%         2
 Ensorcelled Hibernation  Hex/Ice        0%         N/A       17%         2
 Jinxbite                 Hex            0%         N/A       17%         2
 Passwall                 Tmut/Erth      0%         N/A       17%         2
 Poisonous Vapours        Pois/Air       0%         N/A       17%         2
 Scorch                   Fire           0%         2d5       17%         2
 Static Discharge         Conj/Air       0%         2-2/arc   17%         2
 Call Canine Familiar     Summ           0%         N/A       32%         3
 Confusing Touch          Hex            0%         N/A       32%         3
 Dazzling Flash           Conj/Hex       0%         N/A       32%         3
 Frozen Ramparts          Ice            0%         1d1       32%         3
 Hailstorm                Conj/Ice       0%         3d3       32%         3
 Inner Flame              Hex/Fire       0%         N/A       32%         3
 Mephitic Cloud           Conj/Pois/Air  0%         N/A       32%         3
 Sigil of Binding         Hex            0%         N/A       32%         3
 Swiftness                Air            0%         N/A       32%         3
 Tukima's Dance           Hex            0%         N/A       32%         3
 Vampiric Draining        Necr           0%         2d6       32%         3
 Dimensional Bullseye     Hex/Tloc       9%         N/A       32%         4
 Iskenderun's Mystic Bla  Conj/Tloc      12%        2d5       32%         4
 Vhi's Electric Charge    Tloc/Air       24%        N/A       32%         4
 Summon Forest            Summ/Tloc      6%         N/A       65%         5
 Airstrike                Air            0%         2d(0-16)  71%         4
 Anguish                  Hex/Necr       0%         N/A       71%         4
 Cause Fear               Hex            0%         N/A       71%         4
 Flame Wave               Conj/Fire      0%         2d4       71%         4
 Petrify                  Tmut/Erth      0%         N/A       71%         4
 Summon Ice Beast         Ice/Summ       0%         N/A       71%         4
 Summon Lightning Spire   Summ/Air       0%         N/A       71%         4
 Agony                    Necr           0%         N/A       96%         5
 Alistair's Intoxication  Tmut/Pois      0%         N/A       96%         5
 Arcjolt                  Conj/Air       0%         1d10      96%         5
 Fireball                 Conj/Fire      0%         3d3       96%         5
 Freezing Cloud           Conj/Ice/Air   0%         6-21      96%         5
 Iskenderun's Battlesphe  Conj           0%         2d6       96%         5
 Metabolic Englaciation   Hex/Ice        0%         N/A       96%         5
 Silence                  Hex/Air        0%         N/A       96%         5
 Summon Mana Viper        Hex/Summ       0%         N/A       96%         5
 Yara's Violent Unravell  Hex/Tmut       0%         3d3       96%         5
 Conjure Ball Lightning   Conj/Air       0%         3x3d6     100%        6
 Eringya's Noxious Bog    Tmut/Pois      0%         4d6       100%        6
 Leda's Unmaking          Conj/Erth      0%         9d1       100%        6
 Plasma Beam              Fire/Air       0%         2x1d10    100%        6
 Simulacrum               Ice/Necr       0%         N/A       100%        6
 Starburst                Conj/Fire      0%         6d3       100%        6
 Summon Cactus Giant      Summ           0%         N/A       100%        6
 Enfeeble                 Hex            0%         N/A       100%        7
 Haunt                    Necr/Summ      0%         N/A       100%        7
 Malign Gateway           Summ/Tloc      6%         N/A       100%        7
 Monstrous Menagerie      Summ           0%         N/A       100%        7
 Orb of Destruction       Conj           0%         9d5       100%        7
 Spellforged Servitor     Conj/Summ      0%         N/A       100%        7
 Summon Hydra             Summ           0%         N/A       100%        7
 Borgnjor's Revivificati  Necr           0%         N/A       100%        8
 Discord                  Hex            0%         N/A       100%        8
 Ignition                 Fire           0%         3d3       100%        8
 Infestation              Necr           0%         N/A       100%        8
 Maxwell's Capacitive Co  Air            0%         ∞         100%        8
 Summon Horrible Things   Summ           0%         N/A       100%        8
 Death's Door             Necr           0%         N/A       100%        9
 Fire Storm               Conj/Fire      0%         5d1       100%        9


Dungeon Overview and Level Annotations

Branches:
Dungeon (15/15)            Temple (0/1) D:4            Lair (5/5) D:11
 Shoals (4/4) Lair:2        Snake (4/4) Lair:3        Slime (0/5) Lair:4
    Orc (2/2) D:9             Elf (3/3) Orc:2        Vaults (5/5) D:13
  Crypt (3/3) Vaults:3       Tomb (0/3) Crypt:3      Depths (4/4) D:15
    Zot (5/5) Depths:4      IceCv (visited)         Desolation (visited)
Gauntlet (visited)

Altars:
Dithmenos
Fedhas
Gozag
Hepliaklqana
Kikubaaqudgha
Makhleb
Nemelex Xobeh
Okawaru
Ru
Sif Muna
Wu Jian
Xom
Yredelemnul

Shops:
D:10 (   Orc:2 *?[[   Elf:1 [   Shoals:1 =   Shoals:2 (   Shoals:3 ?
Shoals:4 !(((   Snake:2 !*[[   Snake:3 !!?   Vaults:2 !   Depths:3 =

Portals:
Hell: Depths:1 Depths:2 Depths:3 Depths:4
Abyss: Depths:2 Depths:3
Pandemonium: Depths:1 Depths:2
Ziggurat: Depths:4

Annotations:
D:4 1 runed translucent door, exclusion: door, Crazy Yiuf
D:5 1 runed translucent door, exclusion: door, Opifex's ghost, novice KoHu
D:13 1 runed translucent door
Elf:2 3 runed translucent doors, exclusion: door
Depths:4 3 runed translucent doors
Zot:3 exclusions: door and 1 more exclusion
Zot:5 1 exclusion


Innate Abilities, Weirdness & Mutations

You are a living statue of rough stone.
Your actions are slow, but your melee attacks are powerful.
You are resistant to unholy torment.
Your maximum health is greatly increased.
Your equipment is partially melded.
You are immune to poison.
You have a pair of large horns on your head.
A meltable icy envelope protects you from harm. (AC +8)
When hurt, damage is shared between your health and your magic reserves.
You regenerate magic rapidly.
When low on magic, you restore magic in place of health.
Your melee attacks may debilitate your foes.
You have an absolutely massive brain. (Int +6, Wiz)
A meltable shield of frost defends you. (SH +4)
Your hexes are more powerful.
You are surrounded by an aura of silence.
You have large cloven feet.
You are agile. (Dex +4, Str/Int -1)
You passively map a small area around you.
You are occasionally teleported next to monsters.
You are vulnerable to cold. (rC-)
You are vulnerable to heat. (rF-)
You occasionally lose the ability to drink potions when taking damage.
You have hidden genetic defects.


Message History

Press: ? - help, Dir - move target
As you read the scroll of blinking {@r4}, it crumbles to dust.
Yptiaqu moves out of view.
The neqoxec moves out of view.
The sixfirhy moves out of view.
You climb upwards.
There is a stone staircase leading down here.
(D) Dungeon (T) Temple (L) Lair (A) Shoals (P) Snake Pit (M) Slime Pits (O) Orcish Mines (E) Elven Halls (V) Vaults (C) Crypt (W) Tomb (U) Depths (H) Hell (Z) Zot
Where to? (Tab/Enter - D:1 @ (x,y), ? - help)
There is a stone staircase leading up here.
You climb upwards.
There is a stone staircase leading down here.
A Tzitzimitl comes into view.
You rampage towards the Tzitzimitl!
You punch the Tzitzimitl! Your kick misses the Tzitzimitl.
You headbutt the Tzitzimitl, but do no damage.
The Tzitzimitl is lightly wounded.
The Tzitzimitl engulfs you but does no damage.
The Tzitzimitl bites you but does no damage.
You closely miss the Tzitzimitl.
You kick the Tzitzimitl, but do no damage.
Your headbutt misses the Tzitzimitl.
The Tzitzimitl is lightly wounded.
The Tzitzimitl calls on the powers of darkness!
Your body is wracked with pain!
You pound the Tzitzimitl into fine dust!!!
Your kick misses the Tzitzimitl.
The Tzitzimitl is severely wounded.
You block the Tzitzimitl's attack. The Tzitzimitl completely misses you.
You hit the Tzitzimitl but do no damage.
You kick the Tzitzimitl. You headbutt the Tzitzimitl!
The Tzitzimitl is almost dead.
You block the Tzitzimitl's attack. x2
You pound the Tzitzimitl into fine dust!!!
You kill the Tzitzimitl!
No target in view!
(D) Dungeon (T) Temple (L) Lair (A) Shoals (P) Snake Pit (M) Slime Pits (O) Orcish Mines (E) Elven Halls (V) Vaults (C) Crypt (W) Tomb (U) Depths (H) Hell (Z) Zot
Where to? (Tab/Enter - D:1 @ (x,y), ? - help)
There is a stone staircase leading up here.
You climb upwards.
Magic restored.
There is a stone staircase leading down here.
You feel a genetic drift.
You feel weirdly uncertain.
Things that are here:
a +0 flail; a +0 leather armour; a +2 short sword of venom
There is a stone staircase leading up here.
You climb upwards.
Level annotation: 1 runed translucent door, exclusion: door, Opifex's ghost, novice KoHu
There is a stone staircase leading down here.
A shadow demon comes into view.
The shadow demon gives a loud, deep croak!
Things that are here:
a +0 robe; a +0 vampiric dagger You rampage towards the shadow demon!
You rampage towards the shadow demon!
You block the shadow demon's attack.
You squash the shadow demon like an ant!!!
You kick the shadow demon, but do no damage.
The shadow demon is severely wounded.
You block the shadow demon's attack.
You squash the shadow demon like an ant!!!
You kill the shadow demon!
No target in view!
(D) Dungeon (T) Temple (L) Lair (A) Shoals (P) Snake Pit (M) Slime Pits (O) Orcish Mines (E) Elven Halls (V) Vaults (C) Crypt (W) Tomb (U) Depths (H) Hell (Z) Zot
Where to? (Tab/Enter - D:1 @ (x,y), ? - help)
There is a stone staircase leading up here.
You climb upwards.
Level annotation: 1 runed translucent door, exclusion: door, Crazy Yiuf
There is a stone staircase leading down here.
There is a shimmering altar of Xom here.
A sixfirhy comes into view.
You rampage towards the sixfirhy!
You block the sixfirhy's attack. x2
The sixfirhy hits you but does no damage.
You pulverise the sixfirhy!!!!
You kill the sixfirhy!
No target in view!
(D) Dungeon (T) Temple (L) Lair (A) Shoals (P) Snake Pit (M) Slime Pits (O) Orcish Mines (E) Elven Halls (V) Vaults (C) Crypt (W) Tomb (U) Depths (H) Hell (Z) Zot
Where to? (Tab/Enter - D:1 @ (x,y), ? - help)
There is a stone staircase leading up here.
You climb upwards.
There is a stone staircase leading down here.
There is a stone staircase leading up, spattered with blood here.
You climb upwards.
There is a stone staircase leading down here.
There is a stone staircase leading up here.
You climb upwards.
There is a stone staircase leading down here.
There is a staircase leading out of the dungeon here.
Unknown command.
You have escaped!

#.# #...#.#.#.#.#.#.#.#...#####.
#.# ####...............##.......
#.# #......#..........#######.
#.# ##.......#.....4.#########
#.# #.....#....#......#.......
#.######...........#...#########
#.....#....#.#.#.#...#..# ##
#.....##...............########.
#.#####...#..#.8.#..#...#.......
#.# ##...............######...
#.# #..#...#.#.#.#....# #.....
#.# ##...#...........## #.#...
#.# #......#....#.....# #.##..
#.# ##.......#.......## #...#>
#.# #..........#......#####.#.
#.# ####...............##..÷....
#.# #..)#.#.#.#.#.#.#.#.........


You could see an orange demon.

Vanquished Creatures
  Khufu (Crypt:2)
  A dread lich (Vaults:5)
  Mara (Vaults:5)
  2 ancient liches (Vaults:5)
  An orb of fire (Zot:4)
  A pandemonium lord (Zot:3)
  A royal mummy (Crypt:2)
  A Killer Klown (Zot:3)
  Saint Roka (Depths:2)
  A curse toe (Zot:3)
  Jory (Crypt:3)
  13 golden dragons
  A bone dragon (Crypt:3)
  A profane servitor (Crypt:3)
  Norris (Depths:1)
  An iron giant (Depths:4)
  3 doom hounds (Depths:4)
  A Tzitzimitl (D:7)
  A hellephant (D:15)
  7 tentacled monstrosities
  Jorgrun (Shoals:1)
  5 liches
  2 walking earthen tomes
  Mlioglotl (Shoals:2)
  2 Orb Guardians
  Grunn (Depths:4)
  2 deep elf master archers (Elf:3)
  2 deep elf blademasters (Elf:3)
  2 walking frostbound tomes (Depths:3)
  A quicksilver dragon (shapeshifter) (Depths:3)
  8 titans
  3 sphinxes
  2 ancient champions
  Frances (Elf:1)
  Agnes (Snake:4)
  6 quicksilver dragons
  A kraken (Shoals:3)
  A sphinx (shapeshifter) (Vaults:5)
  7 death cobs
  12 shadow dragons
  11 storm dragons
  Kirke (Lair:3)
  Donald (Elf:1)
  6 tengu reavers
  A revenant (Crypt:3)
  Aizul (Shoals:1)
  A fenstrider witch (Depths:3)
  4 fire giants
  Roxanne (Shoals:1)
  A fenstrider witch (shapeshifter) (Vaults:5)
  27 vault wardens
  8 frost giants
  5 draconian monks
  An azure jelly (IceCv)
  5 deep elf elementalists (Elf:3)
  8 nagarajas
  2 draconian knights (Zot:1)
  8 deep elf sorcerers
  An imperial myrmidon (Desolation)
  Louise (Shoals:2)
  4 iron dragons
  6 ghost moths
  An orc warlord (Vaults:1)
  5 draconian scorchers
  A curse skull (Crypt:2)
  3 draconian shifters
  2 ghouls
  14 ironbound preservers
  3 draconian stormcallers
  28 very ugly things
  6 draconian annihilators
  4 spriggan defenders (Depths:3)
  A reaper (Crypt:2)
  2 war gargoyles (Vaults:5)
  A juggernaut zombie (Crypt:2)
  2 quicksilver oozes (IceCv)
  4 formless jellyfish
  15 vampire knights
  2 eleionomae (Shoals:2)
  A rockslime zombie (Crypt:2)
  17 stone giants
  10 green draconians
  7 ironbound thunderhulks
  5 deep elf demonologists (Elf:3)
  11 black draconians
  13 yellow draconians
  A minotaur (Gauntlet)
  7 purple draconians
  8 white draconians
  3 red draconians
  5 dire elephants (Vaults:4)
  An eidolon (Vaults:3)
  3 minotaurs (shapeshifter)
  6 deep elf annihilators
  3 halazid warlocks (Desolation)
  9 deep elf death magi
  2 merfolk javelineers (Shoals:4)
  2 spark wasps (Depths:3)
  2 deep elf high priests (Vaults:5)
  9 merfolk impalers
  A green death (Gauntlet)
  4 great orbs of eyes
  2 crystal guardians (Desolation)
  12 fire dragons
  Josephine (D:13)
  14 ettins
  19 jiangshi
  18 yaktaur captains
  5 ragged hierophants (Desolation)
  7 peacekeepers
  10 servants of whispers (Desolation)
  Harold (Lair:1)
  A quicksilver dragon skeleton (Depths:2)
  3 hydras
  6 ice dragons
  10 ironbound frosthearts
  3 ogre magi (Vaults:5)
  2 salamander tyrants (Snake:4)
  15 anacondas
  6 spriggan air magi
  3 merfolk aquamancers (Shoals:4)
  2 merfolk avatars
  38 vault guards
  2 rakshasas
  6 centaur warriors
  A catoblepas (Lair:5)
  A boulder beetle (D:13)
  4 alligator snapping turtles
  7 satyrs
  2 two-headed ogres
  16 dancing weapons
  7 death knights
  8 deep troll earth magi
  14 naga warriors
  5 tengu warriors
  A sphinx skeleton (Crypt:2)
  10 shock serpents
  13 death yaks
  7 deep troll shamans
  An orc high priest (Elf:3)
  9 spriggan berserkers
  6 vampire magi
  2 sun demons
  A soul eater (Gauntlet)
  17 deep elf knights
  5 hell knights
  10 naga sharpshooters
  6 salamander mystics
  A titan skeleton (Depths:2)
  13 skysharks
  10 iron trolls
  3 sixfirhies
  5 flayed ghosts
  3 shadow wraiths
  64 deep trolls
  12 sea snakes
  A spark wasp zombie (Depths:2)
  A spriggan simulacrum (Crypt:1)
  A steelbarb worm (Depths:2)
  5 glowing orange brains
  An anaconda zombie (Crypt:1)
  13 naga ritualists
  A bunyip skeleton (Crypt:2)
  2 shadow demons
  15 deep elf archers
  16 skeletal warriors
  A tengu zombie (Depths:2)
  21 lindwurms
  An anaconda skeleton (Crypt:1)
  9 orc knights
  28 harpies
  12 necromancers
  An iron dragon zombie (Depths:2)
  6 phantasmal warriors
  10 wizards
  A steelbarb worm (shapeshifter) (Vaults:4)
  29 deep elf pyromancers
  27 deep elf zephyrmancers
  22 ironbound convokers
  12 mana vipers
  An orc sorcerer (Depths:2)
  2 large abominations (Crypt:3)
  2 manticores (shapeshifter)
  26 fauns
  21 ugly things
  A salamander (shapeshifter) (D:15)
  11 merfolk sirens
  A fire giant zombie (Crypt:1)
  47 black mambas
  10 salamanders
  11 moths of wrath
  A spectral centaur (Crypt:3)
  A dire elephant zombie (Crypt:1)
  11 cyclopes
  A fire giant skeleton (Vaults:2)
  Joseph (D:8)
  11 elephants
  14 manticores
  A draconian skeleton (Crypt:1)
  A black mamba (shapeshifter) (D:15)
  2 centaur zombies
  2 smoke demons (Depths:1)
  23 vault sentinels
  15 naga magi
  A torpor snail (Lair:5)
  2 ice statues (IceCv)
  16 water nymphs
  A titan simulacrum (Crypt:1)
  6 guardian serpents
  2 molten gargoyles (Desolation)
  A dire elephant skeleton (Crypt:1)
  A gargoyle (D:13)
  Jeremiah (D:8)
  A centaur skeleton (Crypt:1)
  A human zombie (Vaults:2)
  2 efreet (D:15)
  An orange demon (Depths:1)
  A naga skeleton (Crypt:3)
  11 komodo dragons
  An alligator snapping turtle skeleton (Crypt:1)
  12 cane toads
  11 freezing wraiths
  6 rime drakes
  A minotaur skeleton (Crypt:2)
  A minotaur zombie (Crypt:1)
  A kobold demonologist (D:14)
  A queen bee (shapeshifter) (D:14)
  5 tengu conjurers
  An ice devil (D:9)
  2 red devils
  6 trolls
  71 yaktaurs
  A queen bee (Lair:4)
  39 merfolk
  3 meliai (Lair:4)
  A hydra zombie (Crypt:1)
  6 wind drakes
  A sea snake skeleton (Crypt:2)
  A hydra skeleton (Crypt:3)
  49 saltlings (Desolation)
  2 tarantellas
  9 hornets
  3 polar bears
  A tarantella (shapeshifter) (D:13)
  19 blink frogs
  15 snapping turtles
  Grinder (D:4)
  A frost giant simulacrum (Vaults:3)
  4 air elementals
  14 dream sheep
  An ettin skeleton (Vaults:2)
  55 slime creatures
  A centaur simulacrum (D:14)
  2 ynoxinuls
  An ice dragon skeleton (Crypt:2)
  8 spriggans
  A human (shapeshifter) (Elf:3)
  5 shadows
  A vampire (D:12)
  2 black mamba zombies (Crypt:1)
  51 flying skulls
  A yak (shapeshifter) (Vaults:5)
  10 water elementals
  7 wyverns
  4 fire bats (Depths:2)
  35 yaks
  9 wraiths
  A dire elephant simulacrum (Crypt:1)
  A steam dragon (D:10)
  3 chaos spawn (Depths:1)
  2 black mamba skeletons (Crypt:1)
  2 hogs (Lair:3)
  9 basilisks
  3 fire elementals
  13 vampire mosquitoes
  16 humans
  A neqoxec (Depths:2)
  10 wargs
  A two-headed ogre zombie (D:9)
  A fire bat zombie (Crypt:1)
  53 nagas
  14 water moccasins
  An acid dragon (shapeshifter) (Elf:3)
  2 acid dragons (D:12)
  A swamp drake (shapeshifter) (Depths:1)
  A snapping turtle zombie (Crypt:1)
  3 great orb of eyes simulacra (IceCv)
  31 orc warriors
  2 ice beasts
  An ettin simulacrum (Crypt:1)
  3 ogres
  A human skeleton (Vaults:2)
  27 wolves
  13 centaurs
  A manticore skeleton (Crypt:1)
  A swamp dragon skeleton (Crypt:1)
  A hog zombie (Crypt:2)
  3 slime creature simulacra (IceCv)
  3 phantoms
  14 bullfrogs
  4 necrophages (Crypt:3)
  4 earth elementals
  5 scorpions
  A glowing shapeshifter simulacrum (IceCv)
  A wight (D:8)
  A troll zombie (D:9)
  39 killer bees
  A warg zombie (Crypt:1)
  2 small abominations (Crypt:3)
  A yak zombie (Crypt:1)
  2 howler monkeys
  A spriggan skeleton (Crypt:1)
  2 electric eels (Snake:3)
  A wolf zombie (Crypt:1)
  6 orc priests
  7 jellies
  2 gnoll boudas (D:5)
  5 hounds
  4 iron imps (Gauntlet)
  7 iguanas
  A boggart zombie (Crypt:1)
  8 orc wizards
  3 shapeshifter simulacra (IceCv)
  6 ogre zombies (D:9)
  2 mummies (Crypt:2)
  Robin (D:2)
  10 adders
  A gnoll (D:5)
  4 shadow imps (Gauntlet)
  A white imp (D:7)
  6 worms
  2 dart slugs
  83 orcs
  5 ball pythons
  A bat zombie (Crypt:1)
  8 endoplasms
  3 giant cockroaches
  17 goblins
  9 hobgoblins
  2 jackals (D:4)
  4 quokkas
  6 bats
  4 frilled lizards
  5 goblin zombies (D:9)
  5 hobgoblin skeletons (D:9)
  3 hobgoblin zombies (D:9)
  A jackal skeleton (Crypt:2)
  9 kobolds
  A kobold zombie (Crypt:2)
  An orc skeleton (D:9)
  11 orc zombies (D:9)
  11 rats
  3 tentacles (Shoals:3)
2436 creatures vanquished.

Vanquished Creatures (collateral kills)
  A tengu reaver (Vaults:5)
  2 storm dragons (Vaults:5)
  2 ironbound preservers
  A very ugly thing (Vaults:5)
  A vault guard (Vaults:2)
  An anaconda (Snake:4)
  A salamander tyrant (Snake:4)
  Erica (D:8)
  A naga sharpshooter (Snake:4)
  A naga ritualist (Snake:4)
  A lindwurm (Vaults:1)
  2 fauns (Shoals:2)
  A vault sentinel (Vaults:4)
  2 black mambas (Snake:4)
  A yaktaur (Vaults:4)
  A hornet (Depths:3)
  Sigmund (D:3)
  A spriggan (Depths:3)
  A yak (Lair:1)
  A naga (Snake:4)
  Menkaure (D:4)
  2 centaurs (D:11)
  Blork the orc (D:4)
  A bullfrog (Lair:1)
  7 wights (D:8)
  An adder (D:3)
  An orc (D:3)
  A rat (D:3)
39 creatures vanquished.

Vanquished Creatures (others)
  A lich (Depths:3)
  A sphinx (Vaults:5)
  A tengu reaver (Depths:3)
  2 vault guards (Vaults:5)
  A salamander tyrant (Snake:4)
  A deep troll shaman (Depths:3)
  5 dancing weapons
  2 deep elf knights
  A deep troll (Vaults:1)
  A lindwurm (Lair:4)
  A deep elf zephyrmancer (Elf:2)
  An ironbound convoker (Vaults:5)
  A faun (shapeshifter) (Depths:3)
  2 deep elf pyromancers
  An ugly thing (Vaults:1)
  A guardian serpent (Desolation)
  3 saltlings (Desolation)
  A blink frog (Lair:1)
  A human (Lair:3)
  A fire elemental (Elf:1)
  A naga (Snake:1)
  A bullfrog (Lair:3)
  9 tentacles (Shoals:3)
40 creatures vanquished.

Grand Total: 2515 creatures vanquished

Notes
Turn   | Place    | Note
-------+----------+-------------------------------------------
     0 | D:1      | EnegeticOcto the Demonspawn Chaos Knight began the quest
                  | for the Orb.
     0 | D:1      | Reached XP level 1. HP: 18/18 MP: 1/1
   128 | D:1      | Reached skill level 3 in Unarmed Combat
   183 | D:1      | XOM: noise
   187 | D:1      | Gained mutation: A meltable shield of frost defends you.
                  | (SH +4) [demonic ancestry]
   187 | D:1      | Reached XP level 2. HP: 24/24 MP: 2/2
   366 | D:1      | XOM: 1-stop teleportation journey
   372 | D:1      | XOM: smoke on damage
   624 | D:1      | Reached XP level 3. HP: 28/29 MP: 3/3
   691 | D:1      | XOM: silly message
   901 | D:2      | Reached skill level 4 in Unarmed Combat
   976 | D:2      | XOM: chaos upgrade
  1193 | D:2      | XOM: smoke on damage
  1501 | D:2      | XOM: 8-stop teleportation journey
  1569 | D:2      | Gained mutation: You regenerate magic rapidly. [demonic
                  | ancestry]
  1569 | D:2      | Reached XP level 4. HP: 35/35 MP: 4/4
  1670 | D:2      | XOM: silly message
  1823 | D:3      | Noticed Robin
  1944 | D:2      | Killed Robin
  2059 | D:3      | Reached skill level 5 in Unarmed Combat
  2309 | D:3      | Found a burning altar of Makhleb.
  2309 | D:3      | Noticed a blizzard demon
  2312 | D:3      | Noticed a hellwing
  2312 | D:3      | Noticed a smoke demon
  2342 | D:3      | Reached XP level 5. HP: 32/41 MP: 5/5
  2379 | D:3      | Noticed Sigmund
  2379 | D:3      | XOM: summons friendly chaos spawn
  2384 | D:3      | Killed Sigmund
  2385 | D:3      | Reached skill level 6 in Unarmed Combat
  2385 | D:3      | Gained mutation: A meltable icy envelope protects you from
                  | harm. (AC +8) [demonic ancestry]
  2385 | D:3      | Reached XP level 6. HP: 48/48 MP: 6/6
  2798 | D:4      | Reached skill level 4 in Fighting
  2812 | D:4      | Noticed Grinder
  2813 | D:4      | XOM: divination: magic mapping
  2821 | D:4      | XOM: scenery: create altars
  2828 | D:4      | XOM: fog
  2837 | D:4      | XOM: cast spell 'Metabolic Englaciation'
  2838 | D:4      | Killed Grinder
  2839 | D:4      | Reached skill level 5 in Fighting
  2847 | D:4      | Gained mutation: You have a pair of small horns on your
                  | head. [demonic ancestry]
  2847 | D:4      | Reached XP level 7. HP: 45/56 MP: 7/7
  2895 | D:4      | Found a staircase to the Ecumenical Temple.
  3075 | D:4      | Noticed Menkaure
  3075 | D:4      | Noticed Blork the orc
  3077 | D:4      | XOM: cast spell 'Call Canine Familiar'
  3078 | D:4      | Killed Menkaure
  3079 | D:4      | Reached skill level 1 in Stealth
  3082 | D:4      | Killed Blork the orc
  3104 | D:4      | XOM: god gift: 60 gold pieces
  3183 | D:4      | XOM: scenery: create altars
  3278 | D:4      | Found a runed translucent door.
  3279 | D:4      | Noticed Crazy Yiuf
  3447 | D:5      | Entered Level 5 of the Dungeon
  3690 | D:4      | XOM: 1-stop teleportation journey
  3732 | D:5      | Reached skill level 2 in Stealth
  3867 | D:5      | XOM: cloud trail
  3884 | D:5      | Found a sacrificial altar of Ru.
  3892 | D:5      | XOM: silly message
  4024 | D:5      | Reached skill level 6 in Fighting
  4126 | D:5      | XOM: potion effect (heal wounds)
  4128 | D:5      | Reached skill level 1 in Shapeshifting
  4141 | D:5      | Gained mutation: You have a pair of horns on your head.
                  | [demonic ancestry]
  4141 | D:5      | Reached XP level 8. HP: 51/64 MP: 8/8
  4178 | D:5      | Reached skill level 7 in Unarmed Combat
  4262 | D:5      | Noticed Opifex's ghost (novice KoHu)
  4266 | D:5      | Found a runed translucent door.
  4272 | D:5      | XOM: divination: magic mapping
  4520 | D:5      | XOM is BORED!
  4520 | D:5      | XOM: silly message
  4627 | D:5      | Reached skill level 2 in Shapeshifting
  5088 | D:5      | Reached skill level 7 in Fighting
  5112 | D:5      | Identified the +0 ring mail "Laufiwk" {rN+}
  5213 | D:5      | Reached skill level 3 in Shapeshifting
  5445 | D:6      | XOM: potion effect (brilliance)
  5515 | D:6      | Reached skill level 8 in Unarmed Combat
  5599 | D:6      | XOM: potion effect (brilliance)
  5613 | D:6      | Reached skill level 4 in Shapeshifting
  5792 | D:6      | Gained mutation: When hurt, damage is shared between your
                  | health and your magic reserves. [demonic ancestry]
  5792 | D:6      | Reached XP level 9. HP: 72/72 MP: 9/9
  5960 | D:7      | XOM: cloud trail
  6065 | D:7      | XOM: 6-stop teleportation journey
  6087 | D:7      | Reached skill level 5 in Shapeshifting
  6207 | D:7      | XOM: cloud trail
  6537 | D:7      | XOM: silly message
  6640 | D:8      | XOM: summons friendly white imp
  6735 | D:8      | Reached skill level 6 in Shapeshifting
  6836 | D:8      | XOM: stat loss: -1 Str (16/17)
  7058 | D:8      | Noticed Jeremiah
  7058 | D:8      | XOM: cast spell 'Call Canine Familiar'
  7077 | D:8      | XOM: scenery: create altars
  7078 | D:8      | XOM: noise
  7089 | D:8      | Killed Jeremiah
  7203 | D:8      | Noticed Erica
  7235 | D:8      | XOM: cast spell 'Summon Dragon'
  7238 | D:8      | Reached skill level 7 in Shapeshifting
  7259 | D:8      | Killed Erica
  7260 | D:8      | Reached skill level 8 in Shapeshifting
  7414 | D:8      | Gained mutation: You have a pair of large horns on your
                  | head. [demonic ancestry]
  7414 | D:8      | Reached XP level 10. HP: 79/79 MP: 10/10
  7685 | D:8      | Noticed Joseph
  7711 | D:8      | Killed Joseph
  7712 | D:8      | Reached skill level 9 in Shapeshifting
  8057 | D:8      | XOM is BORED!
  8085 | D:8      | XOM: noise
  8089 | D:8      | XOM: silly message
  8242 | D:9      | Found Gaeceorph's Vocational Training.
  8264 | D:9      | XOM: potion effect (brilliance)
  8265 | D:9      | XOM: silly message
  8310 | D:9      | XOM: noise
  8595 | D:9      | Found a staircase to the Orcish Mines.
  8616 | D:9      | XOM: cast spell 'Leda's Liquefaction'
  8645 | D:9      | XOM: divination: detect creatures
  8666 | D:9      | XOM: divination: magic mapping
  8669 | D:9      | XOM: divination: magic mapping
  8704 | D:9      | XOM: noise
  8733 | D:9      | Reached skill level 10 in Shapeshifting
  8838 | D:9      | XOM: 2-stop teleportation journey
  8907 | D:9      | Found an ornate altar of the Wu Jian Council.
  9117 | D:9      | XOM: silly message
  9403 | D:10     | Entered Level 10 of the Dungeon
  9685 | D:10     | Found a shimmering blue altar of Sif Muna.
  9692 | D:10     | Found Afock's Weapon Boutique.
  9751 | D:10     | Noticed a two-headed ogre
  9752 | D:10     | Reached skill level 1 in Dodging
  9762 | D:10     | Killed a two-headed ogre
  9763 | D:10     | Reached skill level 1 in Evocations
  9880 | D:10     | Found a blossoming altar of Fedhas.
  9917 | D:10     | Found a hazy altar of Hepliaklqana.
  9972 | D:10     | Found a portal to a secret trove of treasure.
  9976 | Trove    | Entered a treasure trove
  9980 | Trove    | Identified the +0 pair of boots "Goth" {Harm *Slow MP+9}
  9983 | Trove    | Identified the +2 cloak "Daroifou" {Rampage rC++ Dex-2}
  9985 | Trove    | Identified the +6 plate armour of the Hanged Man {rN+ Int+2
                  | Slay+3}
  9987 | Trove    | Identified the +2 plate armour of the Silversmith {Harm rF-
                  | Will++ Dex+2}
  9991 | Trove    | Identified the +1 buckler of Sarayrr {+Inv Str-3 Int+2
                  | Dex+5}
 10012 | Trove    | XOM: summons 4 hostile demons
 10048 | D:10     | XOM: stat loss: -1 Int (14/15)
 10411 | D:10     | Found a sparkling altar of Nemelex Xobeh.
 10415 | D:10     | Found a basalt altar of Yredelemnul.
 10638 | D:10     | XOM: summons 1 hostile demon
 10671 | D:11     | XOM: cast spell 'Summon Dragon'
 10673 | D:11     | Reached skill level 2 in Armour
 10677 | D:11     | Reached skill level 2 in Evocations
 10814 | D:11     | Noticed a manticore
 10824 | D:11     | Killed a manticore
 10825 | D:11     | Reached XP level 11. HP: 72/85 MP: 11/11
 10906 | D:11     | XOM: fog
 10992 | D:11     | Found a staircase to the Lair.
 11176 | D:11     | XOM: silly message
 11338 | D:11     | Reached skill level 8 in Fighting
 11338 | D:11     | Reached skill level 3 in Armour
 11338 | D:11     | Reached skill level 3 in Evocations
 11606 | Lair:1   | XOM: stealth player
 11606 | Lair:1   | Entered Level 1 of the Lair of Beasts
 11607 | Lair:1   | Noticed Harold
 11619 | Lair:1   | Killed Harold
 11629 | Lair:1   | Noticed a death yak
 11629 | Lair:1   | Noticed a death yak
 11629 | Lair:1   | Noticed a death yak
 11647 | D:11     | XOM: give mutations
 11647 | D:11     | Gained mutation: You occasionally lose the ability to drink
                  | potions when taking damage. [Xom's mischief]
 11647 | D:11     | Gained mutation: You occasionally lose the ability to read
                  | scrolls when taking damage. [Xom's mischief]
 11695 | Lair:1   | Noticed a death yak
 11695 | Lair:1   | Noticed a death yak
 11696 | Lair:1   | Noticed a death yak
 12018 | Lair:2   | Reached skill level 9 in Unarmed Combat
 12039 | Lair:2   | XOM: noise
 12078 | Lair:2   | XOM: god gift: 46 gold pieces
 12191 | Lair:2   | XOM: cleaving
 12201 | Lair:2   | XOM: silly message
 12202 | Lair:2   | Reached skill level 4 in Evocations
 12207 | Lair:2   | Reached skill level 4 in Armour
 12324 | Lair:2   | XOM: noise
 12333 | Lair:2   | Noticed a skyshark
 12343 | Lair:2   | XOM: enchant monster (good)
 12350 | Lair:2   | Killed a skyshark
 12434 | Lair:2   | XOM: 1-stop teleportation journey
 12520 | Lair:2   | Found a staircase to the Shoals.
 12658 | Lair:2   | XOM is BORED!
 12658 | Lair:2   | XOM: give mutations
 12658 | Lair:2   | Lost mutation: You occasionally lose the ability to read
                  | scrolls when taking damage. [Xom's mischief]
 12658 | Lair:2   | Gained mutation: Your magical capacity is low. (-10% MP)
                  | [Xom's mischief]
 12658 | Lair:2   | Gained mutation: You are frail. (-10% HP) [Xom's mischief]
 12855 | Lair:1   | XOM: noise
 12856 | Lair:1   | Reached skill level 9 in Fighting
 12861 | Lair:1   | XOM: cast spell 'Discord'
 12869 | Lair:1   | XOM: polymorph blink frog -> human
 12893 | Lair:2   | XOM: give mutation
 12893 | Lair:2   | Gained mutation: You are vulnerable to cold. (rC-) [Xom's
                  | mischief]
 12974 | Lair:1   | XOM: enchant monster (bad)
 13006 | Lair:1   | XOM: summons friendly ufetubus
 13016 | Lair:1   | XOM: polymorph ufetubus -> shadow imp
 13020 | Lair:1   | Killed a death yak
 13021 | Lair:1   | Reached skill level 11 in Shapeshifting
 13062 | Lair:1   | XOM: cast spell 'Call Canine Familiar'
 13071 | Lair:1   | Gained mutation: A meltable icy envelope protects you from
                  | harm. (AC +8) [demonic ancestry]
 13071 | Lair:1   | Reached XP level 12. HP: 31/85 MP: 7/10
 13080 | Lair:1   | HP: 4/85 [poisoned by a black mamba]
 13116 | Lair:2   | XOM: divination: detect creatures
 13156 | Lair:2   | XOM: give mutation
 13156 | Lair:2   | Lost mutation: You are frail. (-10% HP) [Xom's mischief]
 13366 | Lair:3   | XOM: divination: detect items
 13384 | Lair:3   | Noticed Kirke
 13440 | Lair:3   | XOM: fog
 13575 | Lair:3   | XOM: summons friendly iron imp
 13578 | Lair:3   | Killed Kirke
 13579 | Lair:3   | Reached skill level 10 in Unarmed Combat
 13695 | Lair:3   | Reached skill level 2 in Dodging
 13710 | Lair:3   | XOM: summons friendly shadow imp
 14009 | Lair:3   | XOM: enchant monster (good)
 14101 | Lair:3   | XOM: summons friendly ufetubus
 14109 | Lair:3   | XOM: destruction
 14118 | Lair:3   | XOM: enchant monster (good)
 14465 | Lair:3   | Reached skill level 10 in Fighting
 14465 | Lair:3   | Reached skill level 3 in Dodging
 14484 | Lair:3   | XOM: summons 7 hostile demons
 14622 | Lair:3   | XOM: repel stairs
 14673 | Lair:3   | XOM: give mutations
 14673 | Lair:3   | Gained mutation: Your magical capacity is very low. (-20%
                  | MP) [Xom's mischief]
 14673 | Lair:3   | Lost mutation: You are vulnerable to cold. (rC-) [Xom's
                  | mischief]
 14673 | Lair:3   | Gained mutation: Potions are less effective at restoring
                  | your health. [Xom's mischief]
 14673 | Lair:3   | Gained mutation: Your magical capacity is extremely low.
                  | (-30% MP) [Xom's mischief]
 14693 | Lair:2   | XOM: summons 5 hostile demons
 14742 | Lair:3   | Found a staircase to the Snake Pit.
 14785 | Lair:3   | XOM: 7-stop teleportation journey
 14811 | Lair:3   | Reached skill level 4 in Dodging
 15296 | Lair:4   | XOM: polymorph komodo dragon -> dream sheep
 15313 | Lair:4   | Reached skill level 12 in Shapeshifting
 15327 | Lair:4   | Noticed a death yak
 15659 | Lair:4   | XOM: summons 4 hostile shadow creatures
 15660 | Lair:4   | Noticed a death yak
 15660 | Lair:4   | Noticed a death yak
 15660 | Lair:4   | Noticed a death yak
 15670 | Lair:4   | XOM: noise
 15693 | Lair:4   | XOM: polymorph cane toad -> yaktaur
 15878 | Lair:4   | Found a shimmering altar of Xom.
 15911 | Lair:4   | XOM: scenery: 1 doors close
 15964 | Lair:4   | XOM: divine lightning
 16079 | Lair:4   | Found a staircase to the Slime Pits.
 16113 | Lair:4   | XOM: cast spell 'Metabolic Englaciation'
 16142 | Lair:4   | XOM: scenery: summon butterflies
 16259 | Lair:4   | XOM: scenery: create altars
 16309 | Lair:4   | XOM: cleaving
 16314 | Lair:4   | XOM: enchant monster (good)
 16347 | Lair:4   | Reached skill level 13 in Shapeshifting
 16374 | Lair:4   | XOM: stat loss: -1 Str (16/17)
 16376 | Lair:4   | XOM: summons 2 friendly demons
 16544 | Lair:4   | XOM: divination: detect creatures
 16546 | Lair:4   | Reached XP level 13. HP: 103/103 MP: 9/9
 16768 | Lair:4   | Identified the amulet "Zosos" {RegenMP rPois rC+ Will+}
 16860 | Lair:4   | XOM: potion effect (experience)
 16860 | Lair:4   | Reached skill level 14 in Shapeshifting
 16860 | Lair:4   | Gained mutation: You have an unusually large brain. (Int
                  | +2) [demonic ancestry]
 16860 | Lair:4   | Reached XP level 14. HP: 110/110 MP: 9/9
 16874 | Lair:4   | XOM: fog
 16880 | Lair:4   | XOM: enchant monster (good)
 16883 | Lair:4   | Reached skill level 15 in Shapeshifting
 17580 | Lair:5   | Entered Level 5 of the Lair of Beasts
 17601 | Lair:4   | Reached skill level 5 in Armour
 17602 | Lair:4   | XOM: 8-stop teleportation journey
 17640 | Lair:4   | XOM: polymorph cane toad -> rime drake
 17671 | Lair:5   | XOM: confusion
 18060 | Lair:5   | XOM: give mutation
 18060 | Lair:5   | Lost mutation: Potions are less effective at restoring your
                  | health. [Xom's mischief]
 18149 | Lair:5   | XOM: draining
 18206 | Lair:5   | XOM: enchant monster (bad)
 18228 | Lair:5   | Reached skill level 11 in Fighting
 18407 | Lair:5   | Reached skill level 6 in Armour
 18446 | Lair:5   | XOM: stat loss: -1 Int (17/18)
 18466 | Lair:5   | Reached skill level 11 in Unarmed Combat
 18688 | Lair:5   | XOM: draining
 18700 | Lair:5   | XOM: swap monsters
 18874 | Lair:5   | XOM: blink monster(s)
 18888 | Lair:5   | XOM: enchant monster (good)
 18894 | Lair:5   | XOM: potion effect (invisibility)
 19008 | Lair:5   | XOM: blink monster(s)
 19138 | Lair:5   | XOM: summons friendly white imp
 19145 | Lair:5   | XOM: cast spell 'Dispersal'
 19148 | Lair:5   | XOM: scenery: create altars
 19155 | Lair:5   | Reached skill level 12 in Fighting
 19155 | Lair:5   | Reached XP level 15. HP: 103/120 MP: 10/10
 19213 | Lair:5   | XOM: give mutations
 19213 | Lair:5   | Lost mutation: You occasionally lose the ability to drink
                  | potions when taking damage. [Xom's mischief]
 19213 | Lair:5   | Gained mutation: You are robust. (+10% HP) [Xom's mischief]
 19213 | Lair:5   | Gained mutation: Armour fits poorly on your strangely
                  | shaped body. [Xom's mischief]
 19317 | Lair:5   | Got the Catalogue of Zombies
 19472 | Lair:5   | Identified the ring "Feschuhei" {Str+4 Dex+6 Slay-2}
 19481 | Lair:5   | Identified the +9 trident of Thoughtfulness {venom,
                  | *Corrode Str+5 Stlth+}
 19699 | Lair:5   | XOM: summons 2 hostile demons
 19838 | Lair:1   | Reached skill level 12 in Unarmed Combat
 19952 | Lair:1   | XOM: silly message
 20041 | Lair:1   | XOM: silly message
 20081 | Lair:1   | XOM: enchant monster (bad)
 20092 | Lair:1   | XOM: divination: detect items
 20102 | Lair:1   | XOM: cast spell 'Summon Cactus Giant'
 20112 | Lair:1   | XOM: divination: magic mapping
 20534 | Lair:1   | XOM: divination: detect creatures
 20759 | Orc:1    | Entered Level 1 of the Orcish Mines
 20793 | Orc:1    | XOM: smoke on damage
 21021 | Orc:2    | Entered Level 2 of the Orcish Mines
 21032 | Orc:2    | Found a staircase to the Elven Halls.
 21114 | Orc:2    | Found a shimmering altar of Xom.
 21262 | Orc:2    | Found Duidiod's Antique Armour Boutique.
 21284 | Orc:2    | Reached skill level 13 in Fighting
 21709 | Orc:2    | XOM: confusion
 21852 | Orc:2    | XOM: give mutation
 21852 | Orc:2    | Lost mutation: Armour fits poorly on your strangely shaped
                  | body. [Xom's mischief]
 21939 | Orc:2    | Found Facoysapp's Armour Emporium.
 22007 | Orc:2    | XOM: blink monster(s)
 22041 | Orc:1    | XOM: silly message
 22091 | Orc:1    | XOM: summons 8 hostile demons
 22209 | Orc:2    | XOM: swap monsters
 22268 | Orc:2    | Found Hischis's Assorted Antiques.
 22268 | Orc:2    | Found Nuhoq's Magic Scroll Emporium.
 22284 | Orc:2    | Bought a scroll of blinking for 195 gold pieces
 22293 | Orc:2    | Bought a scroll of blinking for 112 gold pieces
 22293 | Orc:2    | Bought a scroll of blinking for 112 gold pieces
 22667 | Orc:2    | XOM: summons 8 hostile demons
 22727 | Orc:2    | Bought a phial of floods for 1040 gold pieces
 22727 | Orc:2    | Bought a black potion for 23 gold pieces
 22727 | Orc:2    | Bought a scroll of identify for 52 gold pieces
 22727 | Orc:2    | Bought a wand of paralysis (4) for 249 gold pieces
 22727 | Orc:2    | Bought a shiny bronze wand for 104 gold pieces
 22757 | Orc:2    | Bought a fine chain mail for 332 gold pieces
 22757 | Orc:2    | Identified the +0 chain mail of Jeogell {rPois} (You bought
                  | it in a shop on level 2 of the Orcish Mines)
 22789 | Orc:2    | Bought a scroll of teleportation for 45 gold pieces
 22789 | Orc:2    | Bought a scroll of identify for 30 gold pieces
 22789 | Orc:2    | Bought a scroll of identify for 30 gold pieces
 22789 | Orc:2    | Bought a scroll of identify for 30 gold pieces
 22792 | Orc:2    | Identified a scroll of acquirement
 22793 | Orc:2    | Acquired a manual of Dodging
 22920 | D:12     | XOM: enchant monster (bad)
 22959 | D:12     | XOM: draining
 22996 | D:12     | XOM: fog
 23196 | D:12     | XOM: enchant monster (bad)
 23215 | D:12     | Reached skill level 13 in Unarmed Combat
 23330 | D:12     | XOM: silly message
 23402 | D:13     | Reached skill level 5 in Dodging
 23434 | D:13     | Found a frozen archway.
 23441 | D:13     | Found a gate leading to a gauntlet.
 23450 | Gauntlet | Entered a Gauntlet
 23450 | Gauntlet | Found a transporter.
 23450 | Gauntlet | Found a transporter.
 23452 | Gauntlet | Found a transporter.
 23455 | Gauntlet | Found a transporter.
 23458 | Gauntlet | Found a transporter.
 23474 | Gauntlet | Found a transporter.
 23479 | Gauntlet | Found a transporter.
 23511 | Gauntlet | XOM is BORED!
 23511 | Gauntlet | XOM: summons 4 hostile demons
 23526 | Gauntlet | Found a transporter.
 23528 | Gauntlet | Found a transporter.
 23528 | Gauntlet | Found a transporter.
 23537 | Gauntlet | Found a runed translucent door.
 23539 | Gauntlet | Found a runed translucent door.
 23541 | Gauntlet | Found a transporter.
 23559 | Gauntlet | Found a transporter.
 23569 | Gauntlet | Found a transporter.
 23584 | Gauntlet | Found a transporter.
 23771 | Gauntlet | Identified the ring of Faing {rPois rF- rC+ Int+2}
 23837 | Gauntlet | Got the Quarto of the Alphagorgon
 23859 | IceCv    | Entered an ice cave
 23931 | IceCv    | XOM: 1-stop teleportation journey
 24217 | IceCv    | XOM: summons 1 hostile shadow creature
 24281 | IceCv    | XOM: noise
 24288 | IceCv    | XOM: silly message
 24292 | IceCv    | Reached skill level 6 in Dodging
 24384 | IceCv    | XOM: silly message
 24503 | IceCv    | Noticed an azure jelly
 24504 | IceCv    | XOM: chaos cloud
 24506 | IceCv    | Paralysed by you for 4 turns
 24512 | IceCv    | Killed an azure jelly
 24622 | IceCv    | Found a viscous altar of Jiyva.
 24638 | IceCv    | Got the ring "Asmas" {rPois rC+ Will+ Stlth+}
 24733 | IceCv    | XOM: summons 3 friendly demons
 24764 | IceCv    | Reached skill level 14 in Fighting
 24832 | D:13     | XOM: 1-stop teleportation journey
 24877 | D:13     | Reached skill level 7 in Dodging
 24877 | D:13     | XOM: give mutation
 24877 | D:13     | Gained mutation: Armour fits poorly on your strangely
                  | shaped body. [Xom's mischief]
 24959 | D:13     | XOM: 2-stop teleportation journey
 25015 | D:13     | XOM: 1-stop teleportation journey
 25116 | D:13     | Found a runed translucent door.
 25212 | D:13     | Reached skill level 8 in Dodging
 25219 | D:13     | Reached XP level 16. HP: 95/146 MP: 11/11
 25223 | D:13     | XOM: polymorph human -> tarantella
 25243 | D:13     | Noticed Josephine
 25250 | D:13     | Killed Josephine
 25286 | D:13     | XOM: give mutations
 25286 | D:13     | Gained mutation: You are weak. (Str -2) [Xom's mischief]
 25286 | D:13     | Lost mutation: You are robust. (+10% HP) [Xom's mischief]
 25286 | D:13     | Gained mutation: Your body sometimes deteriorates upon
                  | taking damage. [Xom's mischief]
 25286 | D:13     | Gained mutation: You are strong-willed. (Will+) [Xom's
                  | mischief]
 25317 | D:13     | XOM: noise
 25358 | D:13     | XOM: summons 3 hostile demons
 25437 | D:13     | Found a gate to the Vaults.
 25468 | D:13     | XOM: give mutation
 25468 | D:13     | Lost mutation: Armour fits poorly on your strangely shaped
                  | body. [Xom's mischief]
 25503 | D:13     | XOM: scenery: summon butterflies
 25568 | D:13     | XOM: divination: detect creatures
 25681 | D:14     | Reached skill level 9 in Dodging
 25689 | D:14     | XOM: 3-stop teleportation journey
 25840 | D:14     | XOM is BORED!
 25840 | D:14     | XOM: swap monsters
 25841 | D:14     | Reached skill level 14 in Unarmed Combat
 25845 | D:14     | XOM: confuse monster(s)
 26275 | D:14     | XOM: chaos upgrade
 26343 | D:14     | XOM: divination: detect items
 26530 | D:15     | Entered Level 15 of the Dungeon
 26557 | D:15     | XOM: divination: detect items
 26774 | D:15     | XOM is BORED!
 26774 | D:15     | XOM: silly message
 27071 | D:15     | XOM: potion effect (invisibility)
 27169 | D:15     | XOM: divination: detect items
 27616 | D:15     | XOM: summons 1 hostile demon
 27627 | D:15     | Reached skill level 10 in Dodging
 27682 | D:15     | XOM: god gift: chain mail {god gift}
 27709 | D:15     | Found a staircase to the Depths.
 28007 | Shoals:1 | Entered Level 1 of the Shoals
 28045 | Shoals:1 | Reached skill level 7 in Armour
 28075 | Shoals:1 | XOM: summons 2 friendly demons
 28118 | Shoals:1 | XOM: 2-stop teleportation journey
 28296 | Shoals:1 | Found Qaogoti's Jewellery Emporium.
 28296 | Shoals:1 | Noticed Jorgrun
 28308 | Shoals:1 | Killed Jorgrun
 28315 | Shoals:1 | XOM: polymorph merfolk -> cyclops
 28475 | Shoals:1 | XOM: fake destruction
 28707 | Shoals:1 | Noticed Roxanne
 28928 | Shoals:1 | XOM: god gift: runed sling {god gift}
 28931 | Shoals:1 | Noticed Aizul
 28935 | Shoals:1 | XOM: cast spell 'Discord'
 28939 | Shoals:1 | XOM: snakes to sticks
 28949 | Shoals:1 | Killed Aizul
 29077 | Shoals:1 | XOM: polymorph manticore -> cyclops
 29121 | Shoals:1 | XOM is BORED!
 29121 | Shoals:1 | XOM: give mutations
 29121 | Shoals:1 | Lost mutation: You are weak. (Str -2) [Xom's mischief]
 29121 | Shoals:1 | Lost mutation: Your body sometimes deteriorates upon taking
                  | damage. [Xom's mischief]
 29121 | Shoals:1 | Gained mutation: Your mind is acute. (Int +4, Str/Dex -1)
                  | [Xom's mischief]
 29121 | Shoals:1 | Gained mutation: You expend magic power (3 MP) to
                  | strengthen your wands. [Xom's mischief]
 29137 | Shoals:1 | Reached skill level 8 in Armour
 29376 | Shoals:1 | Killed Roxanne
 29455 | Shoals:2 | Reached skill level 1 in Shields
 29652 | Shoals:2 | Reached skill level 2 in Shields
 29659 | Shoals:2 | Noticed Mlioglotl
 29674 | Shoals:2 | XOM: scenery: create altars
 29679 | Shoals:2 | Noticed a tentacled starspawn
 29682 | Shoals:2 | Killed Mlioglotl
 29692 | Shoals:2 | Found Taeraeph's Antique Weapon Shop.
 29692 | Shoals:2 | XOM: 2-stop teleportation journey
 29906 | Shoals:2 | Reached skill level 3 in Shields
 30078 | Shoals:2 | Reached skill level 16 in Shapeshifting
 30112 | Shoals:2 | Reached skill level 4 in Shields
 30117 | Shoals:2 | XOM: 1-stop teleportation journey
 30120 | Shoals:2 | Noticed Louise
 30284 | Shoals:2 | XOM: enchant monster (good)
 30329 | Shoals:2 | Identified the ring "Otunuf" {rN+ Will+ SInv Stlth+}
 30452 | Shoals:2 | Gained mutation: When low on magic, you restore magic in
                  | place of health. [demonic ancestry]
 30452 | Shoals:2 | Reached XP level 17. HP: 139/139 MP: 11/11
 30512 | Shoals:2 | Reached skill level 5 in Shields
 30684 | Shoals:3 | XOM: 2-stop teleportation journey
 30686 | Shoals:3 | XOM: enchant monster (good)
 30891 | Shoals:3 | XOM: enchant monster (bad)
 30909 | Shoals:3 | XOM: enchant monster (good)
 31060 | Shoals:2 | Reached skill level 6 in Shields
 31064 | Shoals:3 | XOM: cloud trail
 31578 | Shoals:3 | XOM: fake destruction
 31608 | Shoals:3 | XOM: summons friendly crimson imp
 31614 | Shoals:3 | XOM: summons friendly iron imp
 31620 | Shoals:3 | Reached skill level 7 in Shields
 31802 | Shoals:3 | XOM: god gift: ring of willpower
 31844 | Shoals:3 | Noticed a kraken
 31863 | Shoals:3 | Killed a kraken
 32066 | Shoals:3 | Found Nable's Magic Scroll Boutique.
 32069 | Shoals:3 | Bought a scroll of blinking for 97 gold pieces
 32069 | Shoals:3 | Bought a scroll of blinking for 97 gold pieces
 32069 | Shoals:3 | Bought a scroll of revelation for 97 gold pieces
 32120 | Shoals:2 | Reached skill level 17 in Shapeshifting
 32219 | Shoals:2 | XOM: noise
 32222 | Shoals:2 | Killed Louise
 32224 | Shoals:2 | Reached skill level 8 in Shields
 32306 | Snake:1  | Entered Level 1 of the Snake Pit
 32306 | Snake:1  | XOM: divination: detect creatures
 32470 | Snake:1  | XOM: potion effect (brilliance)
 32471 | Snake:1  | XOM: cast spell 'Summon Mana Viper'
 32483 | Snake:1  | Found a shadowy altar of Dithmenos.
 32524 | Snake:1  | Reached skill level 9 in Shields
 32588 | Snake:1  | XOM: silly message
 32690 | Snake:1  | Reached skill level 10 in Shields
 32695 | Snake:1  | XOM: noise
 32873 | Snake:1  | XOM: silly message
 33346 | Snake:1  | XOM: give mutations
 33346 | Snake:1  | Gained mutation: You occasionally shout uncontrollably at
                  | your foes. [Xom's mischief]
 33346 | Snake:1  | Lost mutation: You are strong-willed. (Will+) [Xom's
                  | mischief]
 33346 | Snake:1  | Lost mutation: You expend magic power (3 MP) to strengthen
                  | your wands. [Xom's mischief]
 33395 | Snake:2  | XOM: scenery: 4 doors open, 2 doors close
 33398 | Snake:2  | XOM: chaos upgrade
 33633 | Snake:2  | XOM: enchant monster (good)
 33653 | Snake:2  | Reached skill level 11 in Shields
 33758 | Snake:2  | XOM: god gift: book of Cantrips
 33780 | Snake:2  | Gained mutation: You have an extremely huge brain. (Int +4)
                  | [demonic ancestry]
 33780 | Snake:2  | Reached XP level 18. HP: 146/146 MP: 12/12
 33826 | Snake:2  | Found Iraok's Antique Armour Emporium.
 33826 | Snake:2  | Found Onuez's Distillery.
 33827 | Snake:2  | Found Immyin's Assorted Antiques.
 33828 | Snake:2  | Found Lotren's Antique Armour Emporium.
 33862 | Snake:2  | Bought a potion of heal wounds for 70 gold pieces
 33862 | Snake:2  | Bought 2 potions of heal wounds for 140 gold pieces
 33928 | Snake:2  | XOM: summons friendly quasit
 33937 | Snake:2  | Reached skill level 12 in Shields
 33985 | Snake:2  | XOM: enchant monster (bad)
 33989 | Snake:2  | XOM: repel stairs
 33991 | Snake:2  | XOM: divination: detect creatures
 34199 | Snake:2  | XOM: silly message
 34306 | Snake:2  | XOM: divination: detect creatures
 34309 | Snake:2  | XOM: divination: magic mapping
 34509 | Snake:3  | Identified the +2 pair of gloves of the Serpent {rPois
                  | Dex+2}
 34560 | Snake:3  | XOM: cast spell 'Summon Small Mammal'
 34663 | Snake:3  | XOM: potion effect (might)
 34685 | Snake:3  | XOM: 1-stop teleportation journey
 34701 | Snake:3  | XOM: enchant monster (good)
 34702 | Snake:3  | Reached skill level 13 in Shields
 34845 | Snake:3  | Found Wotaoh's Distillery.
 34849 | Snake:3  | Found Ulanuck's Distillery.
 34850 | Snake:3  | Found Tashoigh's Magic Scroll Shoppe.
 34857 | Snake:3  | Bought a scroll of butterflies for 56 gold pieces
 34857 | Snake:3  | Bought a scroll of butterflies for 56 gold pieces
 34865 | Snake:3  | Reached XP level 19. HP: 152/152 MP: 13/13
 34931 | Snake:3  | XOM: polymorph anaconda -> snapping turtle
 34957 | Snake:3  | XOM: enchant monster (good)
 34960 | Snake:3  | Reached skill level 1 in Invocations
 35250 | Snake:4  | Entered Level 4 of the Snake Pit
 35297 | Snake:4  | Noticed Agnes
 35298 | Snake:4  | XOM: snakes to sticks
 35310 | Snake:4  | Killed Agnes
 35315 | Snake:4  | Reached skill level 2 in Invocations
 35322 | Snake:4  | XOM: confusion (+ monsters)
 35331 | Snake:4  | XOM: confuse monster(s)
 35367 | Snake:4  | XOM: 2-stop teleportation journey
 35391 | Snake:4  | Found an opulent altar of Gozag.
 35444 | Snake:4  | XOM: enchant monster (good)
 35553 | Snake:3  | XOM: give mutation
 35553 | Snake:3  | Gained mutation: Your natural rate of healing is unusually
                  | fast. [Xom's grace]
 35626 | Snake:4  | Reached skill level 3 in Invocations
 35722 | Snake:4  | XOM: enchant monster (good)
 35732 | Snake:4  | XOM: summons friendly iron imp
 35747 | Snake:4  | Reached skill level 5 in Evocations
 35909 | Snake:4  | Reached skill level 4 in Invocations
 35941 | Snake:4  | XOM: confusion (+ monsters)
 35959 | Snake:4  | Reached skill level 15 in Unarmed Combat
 35992 | Snake:4  | XOM: confuse monster(s)
 36017 | Snake:4  | Reached skill level 5 in Invocations
 36168 | Snake:4  | Got a serpentine rune of Zot
 36343 | Shoals:4 | Entered Level 4 of the Shoals
 36349 | Shoals:4 | XOM: silly message
 36373 | Shoals:4 | Reached skill level 6 in Evocations
 36378 | Shoals:4 | Reached XP level 20. HP: 145/160 MP: 16/16
 36504 | Shoals:4 | Reached skill level 14 in Shields
 36516 | Shoals:4 | Identified the +0 helmet of the Old World {Int+4}
 36564 | Shoals:4 | Found Diun's Weapon Shop.
 36579 | Shoals:4 | Found Tymiuj's Antique Weapon Emporium.
 36587 | Shoals:4 | Bought an ancient whip for 180 gold pieces
 36587 | Shoals:4 | Identified the +0 whip "Qeckawopn" {venom, Int+6} (You
                  | bought it in a shop on level 4 of the Shoals)
 36588 | Shoals:4 | Bought a dazzling flail for 204 gold pieces
 36588 | Shoals:4 | Identified the +2 flail of the Bouncing Wishes {protect,
                  | MP+9 Int+3 Dex+2} (You bought it in a shop on level 4 of
                  | the Shoals)
 36598 | Shoals:4 | Reached skill level 6 in Invocations
 36635 | Shoals:4 | XOM: potion effect (brilliance)
 36643 | Shoals:4 | Got a barnacled rune of Zot
 36720 | Shoals:4 | Identified the +7 rapier of Disorder {spect, rN+ rCorr
                  | Int-5 Dex+5}
 36722 | Shoals:4 | Found Zynt's Antique Weapon Emporium.
 36727 | Shoals:4 | Learned a level 1 spell: Apportation
 36787 | Shoals:4 | XOM: silly message
 36794 | Shoals:4 | XOM: potion effect (attraction)
 36897 | Shoals:4 | Got Gop Osoo's Monograph on Energetic Cryomancy
 36916 | Shoals:4 | Found Saedy's Distillery.
 36949 | Shoals:4 | Reached skill level 7 in Invocations
 37008 | Shoals:4 | XOM: silly message
 37192 | Elf:1    | Entered Level 1 of the Elven Halls
 37209 | Elf:1    | Reached skill level 7 in Evocations
 37280 | Elf:1    | Reached skill level 15 in Fighting
 37403 | Vaults:1 | Entered Level 1 of the Vaults
 37414 | Vaults:1 | XOM: silly message
 37431 | Vaults:1 | XOM: silly message
 37597 | Vaults:1 | XOM: 2-stop teleportation journey
 37643 | Vaults:1 | Reached skill level 8 in Invocations
 37646 | Vaults:1 | XOM: divination: detect creatures
 37648 | Vaults:1 | XOM: cast spell 'Leda's Liquefaction'
 37659 | Vaults:1 | XOM: confuse monster(s)
 37666 | Vaults:1 | XOM: noise
 37668 | Vaults:1 | XOM: summons friendly quasit
 37678 | Vaults:1 | XOM: divine lightning
 37704 | Vaults:1 | XOM: god gift: +3 plate armour of poison resistance
 37708 | Vaults:1 | XOM: summons 2 friendly demons
 37714 | Vaults:1 | Reached skill level 8 in Evocations
 37775 | Vaults:1 | XOM: 3-stop teleportation journey
 37804 | Vaults:1 | Reached skill level 9 in Invocations
 37841 | Vaults:1 | XOM: cleaving
 37973 | Vaults:1 | XOM: cast spell 'Summon Mana Viper'
 38060 | Vaults:1 | XOM: 2-stop teleportation journey
 38287 | Vaults:1 | Reached skill level 16 in Unarmed Combat
 38504 | Vaults:1 | XOM: cast spell 'Alistair's Intoxication'
 38508 | Vaults:1 | XOM: noise
 38538 | Vaults:1 | XOM: silly message
 38574 | Vaults:1 | Identified the +0 ring mail of the Rose {Str+3}
 38874 | Vaults:2 | Reached skill level 10 in Invocations
 38875 | Vaults:2 | XOM: noise
 38892 | Vaults:2 | Found a crumbling gateway.
 38902 | Desolati | Entered the Desolation of Salt
 38904 | Desolati | XOM: noise
 38924 | Desolati | XOM: potion effect (invisibility)
 38937 | Desolati | XOM: potion effect (invisibility)
 38947 | Desolati | XOM: confuse monster(s)
 38955 | Desolati | Identified the ring "Moczoc" {Fly rCorr Str+6 Slay+3}
 38972 | Desolati | Reached skill level 16 in Fighting
 39085 | Desolati | Identified the amulet "Yneoced" {Faith Dex+2}
 39091 | Desolati | Identified the amulet of Xaclyidi {RegenMP Slay+3}
 39103 | Desolati | XOM: enchant monster (good)
 39105 | Desolati | Reached XP level 21. HP: 171/171 MP: 20/20
 39108 | Desolati | Reached skill level 11 in Invocations
 39109 | Desolati | XOM: cast spell 'Summon Cactus Giant'
 39127 | Desolati | XOM: enchant monster (good)
 39192 | Desolati | XOM: silly message
 39272 | Desolati | Identified the +1 scale mail of the Beginning {Regen+}
 39274 | Desolati | Identified the ring of the Cricket {rElec rC+ Will+}
 39277 | Desolati | Identified the ring "Cianoxyn" {rPois rF+ SInv}
 39407 | Desolati | Identified the ring of Ejolejoh {Wiz rN+ Dex+2}
 39457 | Desolati | XOM: summons 3 hostile shadow creatures
 39581 | Desolati | Identified the +8 hand axe "Inexzysch" {elec, Str+6}
 39594 | Desolati | Identified the +3 battleaxe "Befoukh" {distort, Int+2}
 40052 | Elf:1    | Paralysed by an air elemental for 1 turns
 40057 | Elf:1    | Paralysed by an air elemental for 1 turns
 40080 | Elf:1    | Noticed Donald
 40090 | Elf:1    | Killed Donald
 40110 | Elf:1    | Found Eschuffu's Antique Armour Boutique.
 40146 | Elf:1    | Reached skill level 12 in Invocations
 40176 | Elf:1    | XOM: blink monster(s)
 40177 | Elf:1    | XOM: confusion
 40258 | Elf:1    | Noticed Frances
 40265 | Elf:1    | XOM: destruction
 40269 | Elf:1    | XOM: confusion (+ monsters)
 40271 | Elf:1    | Killed Frances
 40503 | Elf:2    | XOM: enchant monster (bad)
 40513 | Elf:2    | XOM: swap monsters
 40602 | Elf:2    | Paralysed by an air elemental for 1 turns
 40609 | Elf:2    | Paralysed by an air elemental for 1 turns
 40829 | Elf:2    | XOM: summons 2 hostile demons
 40922 | Elf:2    | Reached skill level 17 in Unarmed Combat
 40924 | Elf:2    | XOM: destruction
 40926 | Elf:2    | XOM: 1-stop teleportation journey
 41034 | Elf:2    | Found a runed translucent gate.
 41034 | Elf:2    | Found a runed translucent gate.
 41034 | Elf:2    | Found a runed translucent gate.
 41098 | Elf:2    | Reached skill level 13 in Invocations
 41126 | Elf:2    | Reached skill level 17 in Fighting
 41130 | Elf:2    | XOM: blink monster(s)
 41132 | Elf:2    | XOM: chaos upgrade
 41313 | Elf:3    | Entered Level 3 of the Elven Halls
 41629 | Elf:3    | XOM: 1-stop teleportation journey
 41646 | Elf:3    | Reached skill level 14 in Invocations
 41669 | Elf:3    | Identified the ring of Yvihodghy {rF+ Str+4 Slay+4}
 41674 | Elf:3    | Got the Cyclopedia of Combined Shades
 41679 | Elf:3    | Identified the +7 whip of Sudden Death {antimagic, Fragile
                  | rPois rC+ Int+3}
 41681 | Elf:3    | Identified the +2 robe "Pushenown" {Fly rN+}
 41692 | Elf:3    | Got Qiteq's Folio of Fascination
 41855 | Elf:3    | XOM: torment (155/226 hp)
 41965 | Elf:3    | XOM: noise
 41966 | Elf:3    | XOM: cast spell 'Summon Ice Beast'
 42066 | Elf:3    | Identified the staff "Ehatet" {+Blink rElec rF+ Will+ Air}
 42072 | Elf:3    | XOM: chaos upgrade
 42073 | Elf:3    | XOM: 2-stop teleportation journey
 42177 | Elf:3    | Reached skill level 15 in Invocations
 42902 | Elf:3    | XOM: god gift: 4 stones
 43113 | D:9      | Bought a manual of Invocations for 1120 gold pieces
 43280 | Shoals:4 | Bought a translucent war axe for 204 gold pieces
 43280 | Shoals:4 | Identified the +8 war axe "Guhastrady" {drain, Int+5} (You
                  | bought it in a shop on level 4 of the Shoals)
 43284 | Shoals:4 | Learned a level 2 spell: Blink
 43349 | Lair:2   | XOM: give mutations
 43349 | Lair:2   | Gained mutation: You are agile. (Dex +4, Str/Int -1) [Xom's
                  | grace]
 43349 | Lair:2   | Gained mutation: You are somewhat resistant to further
                  | mutation. [Xom's grace]
 43349 | Lair:2   | Gained mutation: Your system is resistant to poisons.
                  | (rPois) [Xom's grace]
 43504 | Vaults:2 | Found Ludyawa's Distillery.
 43519 | Vaults:2 | Bought a potion of heal wounds for 70 gold pieces
 43558 | Vaults:2 | Reached skill level 18 in Unarmed Combat
 43565 | Vaults:2 | XOM: cloud trail
 43572 | Vaults:2 | Gained mutation: Your hexes are more powerful. [demonic
                  | ancestry]
 43572 | Vaults:2 | Reached XP level 22. HP: 181/181 MP: 21/23
 43582 | Vaults:2 | XOM: polymorph vault sentinel -> tarantella
 43596 | Vaults:2 | XOM: fog
 43607 | Vaults:2 | XOM: summons friendly quasit
 43610 | Vaults:2 | Reached skill level 1 in Translocations
 43650 | Vaults:2 | XOM: destruction
 43654 | Vaults:2 | XOM: cast spell 'Chain of Chaos'
 43662 | Vaults:2 | XOM: scenery: create altars
 43664 | Vaults:2 | XOM: confuse monster(s)
 43768 | Vaults:2 | Reached skill level 2 in Translocations
 43770 | Vaults:2 | XOM: polymorph deep troll -> mana viper
 43778 | Vaults:2 | Reached skill level 16 in Invocations
 43852 | Vaults:2 | XOM: god gift: wand of light (8)
 44054 | Vaults:2 | XOM: divination: detect creatures
 44239 | Vaults:2 | Reached skill level 11 in Dodging
 44297 | Vaults:2 | Reached skill level 3 in Translocations
 44466 | Vaults:2 | XOM: torment (188/236 hp)
 44495 | Vaults:2 | You fall into a shaft and drop 2 floors!
 44547 | Vaults:4 | XOM: 8-stop teleportation journey
 44588 | Vaults:4 | XOM: summons 2 friendly demons
 44600 | Vaults:4 | XOM: enchant monster (good)
 44606 | Vaults:4 | XOM: confuse monster(s)
 44610 | Vaults:4 | XOM: enchant monster (good)
 44617 | Vaults:4 | XOM: summons friendly crimson imp
 44621 | Vaults:4 | XOM: 3-stop teleportation journey
 44649 | Vaults:4 | Reached skill level 17 in Invocations
 44659 | Vaults:4 | XOM: enchant monster (bad)
 44698 | Vaults:4 | XOM: noise
 44811 | Vaults:4 | XOM: 5-stop teleportation journey
 44827 | Vaults:4 | XOM: summons 1 hostile shadow creature
 44865 | Vaults:4 | XOM: stat loss: -1 Str (20/21)
 44997 | Vaults:4 | Reached skill level 4 in Translocations
 45076 | Vaults:4 | XOM: stat loss: -1 Dex (16/17)
 45154 | Vaults:4 | XOM: cast spell 'Death Channel'
 45156 | Vaults:4 | XOM: summons friendly shadow imp
 45195 | Vaults:4 | Identified the +8 glaive of Slow Death {flame, rElec Str+3
                  | Stlth+}
 45238 | Vaults:4 | XOM: swap monsters
 45265 | Vaults:4 | XOM: scenery: 2 doors open
 45549 | Vaults:4 | XOM: god gift: 2 scrolls of brand weapon
 45833 | Vaults:3 | Reached skill level 19 in Unarmed Combat
 45840 | Vaults:3 | Reached skill level 12 in Dodging
 45914 | Vaults:3 | XOM: confuse monster(s)
 45917 | Vaults:3 | XOM: potion effect (berserk rage)
 45923 | Vaults:3 | XOM: silly message
 46056 | Vaults:3 | XOM: cast spell 'Summon Small Mammal'
 46061 | Vaults:3 | XOM: cast spell 'Leda's Liquefaction'
 46081 | Vaults:3 | Found a staircase to the Crypt.
 46277 | Vaults:3 | Reached skill level 18 in Invocations
 46324 | Vaults:3 | XOM: potion effect (attraction)
 46352 | Vaults:3 | XOM: potion effect (invisibility)
 46392 | Vaults:3 | XOM: cloud trail
 46435 | Vaults:3 | Gained mutation: Your melee attacks may debilitate your
                  | foes. [demonic ancestry]
 46435 | Vaults:3 | Reached XP level 23. HP: 187/187 MP: 25/25
 46457 | Vaults:3 | Reached skill level 5 in Translocations
 46958 | Vaults:2 | XOM: potion effect (brilliance)
 46976 | Vaults:2 | XOM: summons friendly quasit
 47243 | Depths:1 | Entered Level 1 of the Depths
 47350 | Depths:1 | Found a gateway to Hell.
 47354 | Depths:1 | XOM: give mutation
 47354 | Depths:1 | Lost mutation: Your magical capacity is extremely low.
                  | (-30% MP) [Xom's mischief]
 47381 | Depths:1 | XOM: swap monsters
 47397 | Depths:1 | XOM: 2-stop teleportation journey
 47483 | Depths:1 | Noticed Norris
 47505 | Depths:1 | Killed Norris
 47506 | Depths:1 | Reached skill level 18 in Fighting
 47556 | Depths:1 | XOM: give mutations
 47556 | Depths:1 | Lost mutation: You occasionally shout uncontrollably at
                  | your foes. [Xom's mischief]
 47556 | Depths:1 | Lost mutation: Your system is resistant to poisons. (rPois)
                  | [Xom's mischief]
 47573 | Depths:1 | Found a one-way gate leading to the halls of Pandemonium.
 47604 | Depths:1 | XOM: polymorph spriggan berserker -> anaconda
 47621 | Depths:1 | XOM: cleaving
 47622 | Depths:1 | Found an iron altar of Okawaru.
 47632 | Depths:1 | Reached skill level 19 in Invocations
 47675 | Depths:1 | Reached skill level 13 in Dodging
 47677 | Depths:1 | Reached skill level 6 in Translocations
 47686 | Depths:1 | Acquired 739 gold pieces
 47923 | D:9      | Bought a manual of Evocations for 1120 gold pieces
 48418 | Depths:1 | XOM: silly message
 48503 | Depths:2 | XOM: blink monster(s)
 48586 | Depths:2 | Found a one-way gate to the infinite horrors of the Abyss.
 48640 | Depths:2 | XOM: give mutations
 48640 | Depths:2 | Gained mutation: You are very agile. (Dex +8, Str/Int -2)
                  | [Xom's mischief]
 48640 | Depths:2 | Lost mutation: You are somewhat resistant to further
                  | mutation. [Xom's mischief]
 48640 | Depths:2 | Lost mutation: Your natural rate of healing is unusually
                  | fast. [Xom's mischief]
 48663 | Depths:2 | Identified the +7 broad axe of Embarrassment {heavy, rC+
                  | rCorr}
 48670 | Depths:2 | XOM: 1-stop teleportation journey
 48730 | Depths:2 | XOM: 1-stop teleportation journey
 48739 | Depths:2 | Reached skill level 20 in Invocations
 48749 | Depths:2 | XOM: silly message
 48784 | Depths:2 | Noticed Saint Roka
 48798 | Depths:2 | Killed Saint Roka
 48914 | Depths:2 | XOM: swap monsters
 48970 | Depths:2 | XOM: 1-stop teleportation journey
 49048 | Depths:2 | Gained mutation: Your body sometimes deteriorates upon
                  | taking damage. [a neqoxec]
 49078 | Depths:2 | XOM: god gift: Xom's Compendium of Constant Reorganisation
                  | {god gift}
 49085 | Depths:2 | Got Xom's Compendium of Constant Reorganisation {god gift}
 49105 | Depths:2 | Reached skill level 9 in Evocations
 49197 | Depths:2 | XOM: polymorph fire dragon -> steelbarb worm
 49358 | Depths:3 | XOM: stealth player
 49556 | Depths:3 | Reached skill level 20 in Unarmed Combat
 49632 | Depths:3 | Found Zyalu's Jewellery Emporium.
 49651 | Depths:3 | Identified the +2 halberd of Vese {heavy, rN++}
 49674 | Depths:3 | Reached skill level 21 in Invocations
 49679 | Depths:3 | XOM: divine lightning
 49686 | Depths:3 | XOM: polymorph spark wasp -> something unseen
 49715 | Depths:3 | XOM: draining
 49718 | Depths:3 | XOM: enchant monster (bad)
 49726 | Depths:3 | XOM: silly message
 49967 | Depths:3 | XOM: fog
 49975 | Depths:3 | Reached skill level 10 in Evocations
 49984 | Depths:3 | Gained mutation: You have an absolutely massive brain. (Int
                  | +6, Wiz) [demonic ancestry]
 49984 | Depths:3 | Reached XP level 24. HP: 199/199 MP: 30/30
 50007 | Depths:3 | XOM: polymorph death yak -> eleionoma
 50016 | Depths:3 | XOM: blink monster(s)
 50017 | Depths:3 | XOM: blink monster(s)
 50025 | Depths:3 | XOM: enchant monster (bad)
 50045 | Depths:3 | XOM: polymorph frost giant -> fenstrider witch
 50104 | Depths:3 | XOM: 4-stop teleportation journey
 50356 | Depths:3 | XOM: polymorph green very ugly thing -> red very ugly thing
 50359 | Depths:3 | XOM: fog
 50544 | Depths:3 | Reached skill level 22 in Invocations
 50693 | Depths:3 | XOM: potion effect (haste)
 50701 | Depths:3 | Reached skill level 11 in Evocations
 50816 | Depths:3 | Acquired the +2 pair of gloves "Plog" {Contam rF+++ rN+++
                  | Int-2}
 50892 | Depths:3 | XOM: divination: detect creatures
 50932 | Depths:3 | Identified the staff of the Sky {rN+ rCorr Str-2 Dex+3
                  | Stlth+ Necro}
 51104 | Depths:4 | Entered Level 4 of the Depths
 51255 | Depths:4 | Reached skill level 14 in Dodging
 51308 | Depths:4 | Found a one-way gateway to a ziggurat.
 51385 | Depths:4 | XOM: cleaving
 51420 | Depths:4 | Reached skill level 19 in Fighting
 51469 | Depths:4 | Identified the +11 rapier of Gora {speed, rC+ rN+++ MP+9
                  | Dex-3}
 51513 | Depths:4 | Noticed Grunn
 51514 | Depths:4 | XOM: blink monster(s)
 51517 | Depths:4 | XOM: swap monsters
 51525 | Depths:4 | Killed Grunn
 51559 | Depths:4 | Reached skill level 12 in Evocations
 51574 | Depths:4 | XOM: fake destruction
 51581 | Depths:4 | XOM: polymorph storm dragon -> formless jellyfish
 51629 | Depths:4 | XOM: polymorph spriggan berserker -> something unseen
 51890 | Depths:4 | Reached skill level 23 in Invocations
 52000 | Depths:4 | XOM: polymorph yellow draconian annihilator -> iron giant
 52054 | Depths:4 | Found a runed translucent door.
 52054 | Depths:4 | Found a runed translucent door.
 52060 | Depths:4 | XOM: 1-stop teleportation journey
 52070 | Depths:4 | XOM: enchant monster (bad)
 52130 | Depths:4 | Found a runed translucent door.
 52130 | Depths:4 | Found a runed translucent door.
 52135 | Depths:4 | XOM: enchant monster (bad)
 52196 | Depths:4 | Found a runed translucent door.
 52203 | Depths:4 | Found a gate to the Realm of Zot.
 52221 | Depths:4 | Found a runed translucent door.
 52667 | Crypt:1  | Entered Level 1 of the Crypt
 52781 | Crypt:1  | XOM: stat loss: -1 Str (19/20)
 53066 | Vaults:5 | Entered Level 5 of the Vaults
 53075 | Vaults:5 | XOM: 1-stop teleportation journey
 53079 | Vaults:5 | XOM: 1-stop teleportation journey
 53088 | Vaults:5 | XOM: chaos upgrade
 53096 | Vaults:5 | XOM: noise
 53100 | Vaults:5 | XOM: enchant monster (bad)
 53120 | Vaults:5 | XOM: divine lightning
 53122 | Vaults:5 | Reached skill level 13 in Evocations
 53122 | Vaults:5 | Reached XP level 25. HP: 191/208 MP: 30/30
 53133 | Vaults:5 | XOM: potion effect (berserk rage)
 53135 | Vaults:5 | XOM: silly message
 53140 | Vaults:5 | XOM: noise
 53143 | Vaults:5 | XOM: silly message
 53151 | Vaults:5 | Noticed an ancient lich
 53169 | Vaults:5 | XOM: noise
 53174 | Vaults:5 | Noticed an ancient lich
 53186 | Vaults:5 | Noticed Mara
 53191 | Vaults:5 | Noticed EnegeticOcto's illusion
 53195 | Vaults:5 | Killed Mara
 53346 | Vaults:5 | XOM: noise
 53368 | Vaults:5 | Identified the amulet "Bouma" {Faith SInv}
 53379 | Vaults:5 | XOM: divination: detect items
 53398 | Vaults:5 | XOM: noise
 53408 | Vaults:5 | Noticed a dread lich
 53409 | Vaults:5 | Killed an ancient lich
 53414 | Vaults:5 | Killed a dread lich
 53415 | Vaults:5 | Reached skill level 15 in Dodging
 53475 | Vaults:5 | Got the Book of Clouds and Invitation
 53483 | Vaults:5 | Identified the staff of Yesterday {Contam rN+ MP+9 Str+4
                  | SInv Necro}
 53499 | Vaults:5 | Killed an ancient lich
 53500 | Vaults:5 | Reached skill level 21 in Unarmed Combat
 53500 | Vaults:5 | Reached skill level 24 in Invocations
 53509 | Vaults:5 | XOM: summons friendly shadow imp
 53518 | Vaults:5 | XOM: fake destruction
 53533 | Vaults:5 | Identified the +11 scimitar "Evif" {flame, rC++ Will+ SInv}
 53548 | Vaults:5 | Reached skill level 20 in Fighting
 53551 | Vaults:5 | XOM: cleaving
 53554 | Vaults:5 | XOM: noise
 53558 | Vaults:5 | Identified the +1 quarterstaff of Dullness {freeze, rN++
                  | rCorr}
 53573 | Vaults:5 | XOM: polymorph stone giant -> formless jellyfish
 53578 | Vaults:5 | XOM: summons friendly ufetubus
 53579 | Vaults:5 | XOM: 8-stop teleportation journey
 53594 | Vaults:5 | Identified the ring of the Burning God {rPois rC+ Dex+5}
 53614 | Vaults:5 | XOM: fog
 53623 | Vaults:5 | XOM: summons 8 friendly demons
 53689 | Vaults:5 | XOM: divination: detect items
 53725 | Vaults:5 | XOM: silly message
 53768 | Vaults:5 | XOM: 1-stop teleportation journey
 53837 | Vaults:5 | XOM: blink monster(s)
 53915 | Vaults:5 | Got a silver rune of Zot
 53943 | Vaults:5 | XOM: confusion (+ monsters)
 54098 | Vaults:5 | XOM: scenery: summon butterflies
 54278 | Vaults:5 | XOM: silly message
 54378 | Vaults:5 | XOM: summons friendly crimson imp
 54447 | Vaults:5 | Identified the ring of the Ban {Fire Str+5 SInv}
 54502 | Vaults:5 | Identified the staff "Pinehoiva" {rN+ Stlth+ Necro}
 54801 | Vaults:5 | XOM: give mutations
 54801 | Vaults:5 | Gained mutation: You possess an exceptional clarity of
                  | mind. [Xom's mischief]
 54801 | Vaults:5 | Gained mutation: You occasionally shout uncontrollably at
                  | your foes. [Xom's mischief]
 54801 | Vaults:5 | Gained mutation: You are partially covered in large bone
                  | plates. (SH +4) [Xom's mischief]
 54910 | Vaults:5 | XOM: give mutations
 54910 | Vaults:5 | Gained mutation: You are vulnerable to heat. (rF-) [Xom's
                  | mischief]
 54910 | Vaults:5 | Lost mutation: You occasionally shout uncontrollably at
                  | your foes. [Xom's mischief]
 54910 | Vaults:5 | Lost mutation: Your magical capacity is very low. (-20% MP)
                  | [Xom's mischief]
 54947 | Vaults:5 | XOM: scenery: summon butterflies
 55228 | Crypt:1  | Reached skill level 25 in Invocations
 55344 | Crypt:1  | XOM: god gift: 2 datura-tipped darts
 55526 | Crypt:1  | XOM: summons 8 hostile demons
 55713 | Crypt:1  | XOM: give mutations
 55713 | Crypt:1  | Lost mutation: Your mind is acute. (Int +4, Str/Dex -1)
                  | [Xom's mischief]
 55713 | Crypt:1  | Lost mutation: You are very agile. (Dex +8, Str/Int -2)
                  | [Xom's mischief]
 55777 | Crypt:1  | Lost mutation: Your body sometimes deteriorates upon taking
                  | damage. [potion of mutation]
 55777 | Crypt:1  | Lost mutation: Your magical capacity is low. (-10% MP)
                  | [potion of mutation]
 55777 | Crypt:1  | Lost mutation: You are agile. (Dex +4, Str/Int -1) [potion
                  | of mutation]
 55777 | Crypt:1  | Gained mutation: You occasionally shout uncontrollably at
                  | your foes. [potion of mutation]
 55777 | Crypt:1  | Gained mutation: Your body sometimes deteriorates upon
                  | taking damage. [potion of mutation]
 55778 | Crypt:1  | Lost mutation: You occasionally shout uncontrollably at
                  | your foes. [potion of mutation]
 55778 | Crypt:1  | Lost mutation: You possess an exceptional clarity of mind.
                  | [potion of mutation]
 55778 | Crypt:1  | Gained mutation: You are very vulnerable to heat. (rF--)
                  | [potion of mutation]
 55778 | Crypt:1  | Gained mutation: You are somewhat resistant to further
                  | mutation. [potion of mutation]
 55779 | Crypt:1  | Lost mutation: You are somewhat resistant to further
                  | mutation. [potion of mutation]
 55779 | Crypt:1  | Lost mutation: Your body sometimes deteriorates upon taking
                  | damage. [potion of mutation]
 55779 | Crypt:1  | Lost mutation: You are partially covered in large bone
                  | plates. (SH +4) [potion of mutation]
 55779 | Crypt:1  | Gained mutation: You are agile. (Dex +4, Str/Int -1)
                  | [potion of mutation]
 55779 | Crypt:1  | Gained mutation: Your spells are a little easier to cast,
                  | but a little less powerful. [potion of mutation]
 55779 | Crypt:1  | Gained mutation: You are robust. (+10% HP) [potion of
                  | mutation]
 55780 | Crypt:1  | Lost mutation: You are robust. (+10% HP) [potion of
                  | mutation]
 55780 | Crypt:1  | Lost mutation: You are very vulnerable to heat. (rF--)
                  | [potion of mutation]
 55780 | Crypt:1  | Gained mutation: You occasionally lose the ability to read
                  | scrolls when taking damage. [potion of mutation]
 55780 | Crypt:1  | Gained mutation: Your muscles are strong. (Str +4, Int/Dex
                  | -1) [potion of mutation]
 55781 | Crypt:1  | Lost mutation: You occasionally lose the ability to read
                  | scrolls when taking damage. [potion of mutation]
 55781 | Crypt:1  | Lost mutation: Your muscles are strong. (Str +4, Int/Dex
                  | -1) [potion of mutation]
 55781 | Crypt:1  | Lost mutation: Your spells are a little easier to cast, but
                  | a little less powerful. [potion of mutation]
 55781 | Crypt:1  | Gained mutation: You have large cloven feet. [potion of
                  | mutation]
 55872 | Crypt:2  | Noticed Khufu
 55890 | Crypt:2  | XOM: blink monster(s)
 55894 | Crypt:2  | Killed Khufu
 56033 | Crypt:2  | Noticed a royal mummy
 56046 | Crypt:2  | Killed a royal mummy
 56364 | Crypt:2  | Gained mutation: You are surrounded by an aura of silence.
                  | [demonic ancestry]
 56364 | Crypt:2  | Reached XP level 26. HP: 220/220 MP: 39/39
 56552 | Crypt:2  | XOM: give mutations
 56552 | Crypt:2  | Gained mutation: You passively map a small area around you.
                  | [Xom's mischief]
 56552 | Crypt:2  | Gained mutation: You occasionally lose the ability to drink
                  | potions when taking damage. [Xom's mischief]
 56781 | Crypt:3  | Entered Level 3 of the Crypt
 56878 | Crypt:3  | Reached skill level 21 in Fighting
 56902 | Crypt:3  | Found an ancient bone altar of Kikubaaqudgha.
 56908 | Crypt:3  | XOM: chaos upgrade
 56977 | Crypt:3  | XOM: cleaving
 57031 | Crypt:3  | Found the +8 demon blade "Leech" {evervamp, Harm Drain rN+}
 57034 | Crypt:3  | Reached skill level 22 in Unarmed Combat
 57307 | Crypt:3  | Noticed Jory
 57308 | Crypt:3  | Found a staircase to the Tomb.
 57309 | Crypt:3  | XOM: enchant monster (bad)
 57312 | Crypt:3  | XOM: confuse monster(s)
 57317 | Crypt:3  | Killed Jory
 57383 | Crypt:3  | Identified the +0 ring mail of the Summoning Gods {rN++}
 57535 | Crypt:3  | Reached skill level 26 in Invocations
 57659 | Crypt:3  | XOM: summons 1 hostile demon
 58282 | D:15     | XOM: noise
 58383 | Zot:1    | Entered Level 1 of the Realm of Zot
 58413 | Zot:1    | XOM: confusion (+ monsters)
 58443 | Zot:1    | XOM: summons friendly ufetubus
 58483 | Zot:1    | XOM: 4-stop teleportation journey
 59012 | Zot:1    | XOM: enchant monster (good)
 59361 | Zot:2    | XOM: noise
 59478 | Zot:2    | Reached skill level 22 in Fighting
 59507 | Zot:2    | XOM: noise
 59547 | Zot:3    | XOM: noise
 59566 | Zot:3    | XOM: enchant monster (good)
 59569 | Zot:3    | Reached skill level 27 in Invocations
 59581 | Zot:3    | XOM: swap monsters
 59589 | Zot:3    | Reached skill level 23 in Unarmed Combat
 59863 | Zot:3    | XOM: enchant monster (bad)
 60026 | Zot:4    | Noticed an orb of fire
 60028 | Zot:4    | XOM: swap monsters
 60029 | Zot:4    | Gained mutation: You have hidden genetic defects. [an orb
                  | of fire]
 60030 | Zot:4    | XOM: summons friendly shadow imp
 60042 | Zot:4    | Gained mutation: You are vulnerable to cold. (rC-) [an orb
                  | of fire]
 60046 | Zot:4    | Killed an orb of fire
 60063 | Zot:4    | Reached XP level 27. HP: 151/231 MP: 20/40
 60063 | Zot:4    | XOM: cast spell 'Alistair's Intoxication'
 60425 | Zot:5    | Entered Level 5 of the Realm of Zot
 60660 | Zot:5    | Noticed an orb of fire
 60660 | Zot:5    | Noticed an orb of fire
 60660 | Zot:5    | Noticed an ancient lich
 60660 | Zot:5    | XOM: 8-stop teleportation journey
 60663 | Zot:5    | Got the Orb of Zot
 60681 | Zot:5    | XOM: polymorph Orb Guardian -> death yak
 60742 | Zot:3    | Noticed Poohet the pandemonium lord
 60749 | Zot:3    | Killed Poohet the pandemonium lord
 60806 | Zot:1    | Noticed Kenutid the pandemonium lord
 60822 | Depths:4 | Noticed Casoh the pandemonium lord
 60825 | Depths:4 | XOM: summons friendly ufetubus
 60948 | D:15     | XOM: destruction
 60956 | D:14     | Noticed Tonuok the pandemonium lord
 60992 | D:12     | XOM: god gift: +0 falchion of chaos
 60993 | D:12     | XOM: fog
 61069 | D:9      | Noticed Yptiaqu the pandemonium lord
 61110 | D:6      | Gained mutation: You are occasionally teleported next to
                  | monsters. [hidden defects]
 61294 | D:$      | Escaped with the Orb!

Illustrated notes

Levels and vault maps discovered:
D:1:      co_arrival_square_in_a_square_in_a_square, layout_loops_ring
D:2:      layout_loops_corners, basic_altar
D:3:      layout_loops_ring, makhleb_altar_promises_db, uniq_robin, uniq_sigmund
D:4:      layout_basic, minmay_temple_entry_crystal_x, uniq_grinder,
          uniq_menkaure, uniq_blork_the_orc, uniq_crazy_yiuf_cottage
D:5:      layout_basic, nicolae_ru_awakened_eye, gammafunk_ghost_grave,
          nzn_random_ring
D:6:      layout_rooms, nrook_campfire
D:7:      layout_cave_pods, minivault_24
D:8:      layout_basic, uniq_erica, uniq_joseph, uniq_jeremiah
D:9:      layout_stronghold, nicolae_wu_jian_wuxing_cycle, zombieorc2_lemuel,
          nicolae_shop_vocational
D:10:     layout_layer_cave, mainiacjoe_overflow_concentric_impassable,
          grunt_temple_overflow_open, mainiacjoe_overflow_big_doors,
          serial_shops, nicolae_shop_stone, trove_entry_hex_spiral
D:11:     layout_basic, david_lair_shrubbed, dreamdust_wishing_well
D:12:     layout_rooms
D:13:     dreamdust_dug_too_deep, layout_basic, grunt_vaults_entry_tiered,
          portal_ice_cave_entry_pillars_1, gauntlet_entry_generic,
          kennysheep_generic_room_2, uniq_josephine
D:14:     layout_gridville, eino_small_chamber_without_monster
D:15:     grunt_enter_depths_hoard, layout_stronghold
Lair:1:   layout_hall_layers, serial_bayou_shore_b, uniq_harold
Lair:2:   layout_misc_corridors, shoals_dummy_entry
Lair:3:   layout_cave_pods, minmay_snake_entry_guardpost_medium, uniq_kirke
Lair:4:   regret_index_bee_streams, layout_regular_city, slime_entry_1,
          basic_altar, lookout_lair_type
Lair:5:   gammafunk_lair_ancient_temple, layout_hall_layers, grunt_megastairs_3
Shoals:1: layout_shoals, serial_shops, shop, uniq_jorgrun, uniq_roxanne,
          uniq_aizul
Shoals:2: layout_shoals, serial_shops, shop, nicolae_shoals_enchanted_isle,
          uniq_mlioglotl, uniq_louise
Shoals:3: layout_shoals, serial_shops, nicolae_shop_rolled_up,
          hangedman_shoals_cup_caves
Shoals:4: shoals_end_grunt_ice, layout_shoals, serial_shops,
          nicolae_shop_tiny_real_fake_doors, shop, nicolae_diamond_shop,
          nicolae_shop_bloodbath_and_beyond, nicolae_shop_getting_attention
Snake:1:  minmay_snake_river, layout_onion_interference, basic_altar,
          grunt_megastairs_2, serial_bayou_shore_b
Snake:2:  layout_gridlike, nicolae_fountain_basement, minmay_shoptagon
Snake:3:  layout_rooms, nicolae_fountain_basement, minmay_shop_star,
          serial_bayou_shore_a, lemuel_fruit_tree, grunt_megastairs_1
Snake:4:  minmay_snake_end_coiled, layout_onion_interference, basic_altar,
          uniq_agnes
Orc:1:    layout_caves
Orc:2:    st_orc_town, layout_caves, basic_altar,
          nicolae_volcano_entry_vermiform
Elf:1:    minmay_elf_arrival_plus, layout_geoelf_octagon, serial_shops, shop,
          hangedman_elf_represent, uniq_donald, uniq_frances
Elf:2:    nicolae_elf_blades_splatter_lattice [nicolae_blade_lattice],
          layout_geoelf_diagonals
Elf:3:    elf_hall, layout_geoelf_grid
Vaults:1: nicolae_vaults_diamond_2, nicolae_vaults_rhombus_6,
          nicolae_vaults_security_offices_2, v_misc_28,
          nicolae_vaults_sesquioval_fish, hangedman_vaults_river_flow,
          vaults_room_hallway, nicolae_vaults_windows_and_doors_thing,
          v_rooms_5, vaults_room_grunt_arrival_checkpoint,
          nicolae_vaults_tetromino_Z_1, layout_vaults_omnigrid
Vaults:2: portal_desolation_entry_ruin, nicolae_vaults_big_ls, v_rooms_2,
          nicolae_vaults_yaktaur_gun_rack, vaults_standard_mumra_lines,
          nicolae_vaults_meiosis, nicolae_vaults_network_quinsquares
          [nicolae_vaults_network_quincunx_subvault,
          nicolae_vaults_network_quincunx_subvault,
          nicolae_vaults_network_quincunx_subvault,
          nicolae_vaults_network_quincunx_subvault],
          nicolae_vaults_trapezoid_lopsided_3,
          hangedman_vaults_stretched_pinwheel, vaults_room_grid,
          nicolae_vaults_gold_heap, ontoclasm_vaults_loading_screen,
          nicolae_vaults_security_offices_3, layout_vaults_omnibox,
          serial_shops, shop
Vaults:3: hangedman_vaults_nodes, nicolae_vaults_trapezoid_1,
          minmay_crypt_entry_simple_box, hangedman_vaults_snaps,
          nicolae_vaults_little_squares_3, nicolae_vaults_little_ls,
          nicolae_vaults_sesquioval_fish, grunt_vaults_twisty,
          ontoclasm_vaults_chip, nicolae_vaults_closet_pinwheel_6,
          vaults_dpeg_diagonal, layout_vaults_omnicross
Vaults:4: v_misc_14, nicolae_vaults_shrinking_rooms_2, ontoclasm_vaults_twist,
          nicolae_vaults_network_star, nicolae_vaults_sesquioval_fish,
          nicolae_vaults_surprise_closet, nicolae_vaults_more_shelving_2,
          v_rooms_4, v_misc_16, st_cells, hangedman_vaults_stretched_pinwheel,
          layout_vaults_ring
Vaults:5: uniq_mara
Crypt:1:  layout_catacombs
Crypt:2:  layout_catacombs, lemuel_elevator, uniq_khufu
Crypt:3:  grunt_crypt_end_deaths_head
Depths:1: layout_gridville, grunt_pan_entry_zigzag, okawaru_trees_2,
          hangedman_geh_valley, item_on_display_a, kennysheep_random_hallway,
          infiniplex_staircase_pool_lava, uniq_norris
Depths:2: minmay_haunted_quarter, layout_basic,
          nicolae_abyss_entry_one_way_or_another, rand_demon_pan_entry_9,
          hell_entry, uniq_saint_roka
Depths:3: grunt_bent_corner, layout_cave_shapes, serial_shops, shop,
          abyss_entry, pf_hell_entry_tar_spiral, infiniplex_staircase_star
Depths:4: evilmike_zot_entry_castle, layout_gridlike, enter_ziggurat_a,
          hell_entry, uniq_grunn
Zot:1:    lemuel_draconian_sentries_small, layout_misc_corridors, uniq_josephina
Zot:2:    gammafunk_mikee_crab_dinner, layout_basic, hangedman_player_shredder
Zot:3:    layout_misc_corridors, hellmonk_body_bag
Zot:4:    layout_twisted_circle, bh_zot_ikea_curve, st_stairs_11
Zot:5:    layout_misc_corridors

Skill      XL: |  1  2  3  4  5  6  7  8  9 10 11 12 13 14 15 16 17 18 19 20 21 22 23 24 25 26 |
---------------+-------------------------------------------------------------------------------+-----
Unarmed Combat | 3 4 5 6 8 9 10 11 13 14 15 16 18 19 20 21 23 | 23.3
Fighting       | 5 6 7 9 10 12 14 16 17 18 19 20 22 | 22.4
Stealth        | 2 |  2.0
Shapeshifting  | 1 4 8 10 11 13 14 15 16 17 | 17.0
Dodging        | 1 4 8 10 12 13 14 15 | 15.6
Evocations     | 2 4 6 8 10 13 | 13.0
Armour         | 2 4 6 8 |  8.0
Shields        | 4 11 13 14 | 14.0
Invocations    | 5 10 15 18 21 23 25 27 | 27.0
Translocations | 4 6 |  6.0

Action                     |  1- 3 |  4- 6 |  7- 9 | 10-12 | 13-15 | 16-18 | 19-21 | 22-24 | 25-27 || total
---------------------------+-------+-------+-------+-------+-------+-------+-------+-------+-------++-------
  Melee: Unarmed           |   106 |    35 |   363 |   617 |   911 |  1057 |  1397 |  1463 |  1099 ||  7048
         Punch             |     1 |       |     2 |    26 |    69 |    21 |       |       |       ||   119
         Quarterstaff      |    59 |   107 |       |       |       |       |       |       |       ||   166
         Headbutt          |       |       |    74 |   128 |   198 |   240 |   356 |   465 |   345 ||  1806
         Kick              |       |       |       |       |       |       |       |       |   352 ||   352
   Cast: Blink             |       |       |       |       |       |       |       |       |     1 ||     1
         Apportation       |       |       |       |       |       |       |       |       |     2 ||     2
  Evoke: Wand              |       |       |     1 |     2 |     8 |     3 |     6 |     6 |     4 ||    30
         Condenser vane    |       |       |       |     2 |     1 |     1 |     4 |     2 |     1 ||    11
         Phial of floods   |       |       |       |       |       |     1 |     2 |     1 |     1 ||     5
         Box of beasts     |       |       |       |       |       |       |       |     1 |     3 ||     4
    Use: Scroll            |     1 |     3 |     9 |    13 |    10 |     9 |     3 |     8 |    18 ||    74
         Potion            |       |       |       |     7 |     1 |     3 |     4 |     2 |    23 ||    40
   Stab: Sleeping          |       |       |     3 |       |     1 |     3 |     5 |     3 |     2 ||    17
         Distracted        |       |       |     1 |     1 |       |       |     4 |     8 |     5 ||    19
         Paralysed         |       |       |       |     9 |     2 |     5 |     1 |       |     1 ||    18
         Invisible         |       |       |       |     2 |     4 |     2 |    15 |     2 |       ||    25
         Confused          |       |       |       |       |     3 |       |     9 |    12 |     2 ||    26
         Petrifying        |       |       |       |       |       |       |     1 |     1 |       ||     2
         Petrified         |       |       |       |       |       |       |     2 |     3 |       ||     5
 Armour: Scale mail        |    88 |    85 |     7 |       |       |       |       |       |       ||   180
         Leather armour    |       |       |   111 |    43 |       |       |       |       |       ||   154
         Troll leather arm |       |       |       |    76 |       |       |       |       |       ||    76
         Plate armour      |       |       |       |   289 |   605 |   188 |       |       |       ||  1082
         Skin              |       |       |       |     9 |       |   720 |  1032 |   836 |   607 ||  3204
  Dodge: Dodged            |    83 |   104 |   183 |   399 |   385 |   782 |  1070 |  1150 |   828 ||  4984
  Block: Other             |    16 |    32 |     7 |    70 |   118 |    24 |       |       |       ||   267
         Buckler           |       |       |    83 |    81 |       |   131 |       |       |       ||   295
         Kite shield       |       |       |       |       |       |   749 |  1717 |  1801 |  1340 ||  5607
   Form: Blade             |       |       |       |     1 |       |       |       |       |       ||     1
         Statue            |       |       |       |       |       |     1 |     1 |     1 |       ||     3
                           |       |       |       |       |       |       |     1 |     1 |       ||     2

Table legend: (Time is in decaauts)
 A = Elapsed time spent in this place.
 B = Non-inter-level travel time spent in this place.
 C = Inter-level travel time spent in this place.
 D = Time resting spent in this place.
 E = Time spent auto-exploring this place.
 F = Levels seen in this place.
 G = Mean time per level.
                   A        B        C        D        E       F      G
               +--------+--------+--------+--------+--------+-----+--------+
         Total |  75505 |  68312 |   7193 |   8537 |  43835 |  54 | 1398.2 |
       Dungeon |  18059 |  15112 |   2947 |   1198 |  11076 |  15 | 1203.9 |
          Lair |   9165 |   8654 |    511 |   2236 |   4840 |   5 | 1833.0 |
        Shoals |   7159 |   6625 |    534 |   1133 |   3737 |   4 | 1789.8 |
     Snake Pit |   5849 |   5542 |    307 |    148 |   3972 |   4 | 1462.2 |
  Orcish Mines |   1961 |   1737 |    224 |    276 |    997 |   2 |  980.5 |
   Elven Halls |   4578 |   4336 |    242 |    662 |   2569 |   3 | 1526.0 |
        Vaults |  10728 |   9649 |   1079 |    558 |   6803 |   5 | 2145.6 |
         Crypt |   4941 |   4544 |    397 |    157 |   3519 |   3 | 1647.0 |
        Depths |   7207 |   6692 |    515 |    588 |   4461 |   4 | 1801.8 |
           Zot |   3371 |   2939 |    432 |   1114 |    976 |   5 |  674.2 |
         Trove |     37 |     37 |      0 |      0 |      0 |   1 |   37.0 |
      Ice Cave |    919 |    919 |      0 |    379 |    215 |   1 |  919.0 |
    Desolation |   1141 |   1141 |      0 |     54 |    600 |   1 | 1141.0 |
      Gauntlet |    385 |    385 |      0 |     30 |     67 |   1 |  385.0 |
               +--------+--------+--------+--------+--------+-----+--------+

Top non-repeatable levels by time:
Depths:3: 2709 daAuts
Vaults:5: 2662 daAuts
  Lair:4: 2619 daAuts
   Elf:3: 2441 daAuts
Vaults:1: 2439 daAuts
Shoals:2: 2207 daAuts
Shoals:3: 2010 daAuts
Vaults:4: 1938 daAuts
Vaults:2: 1905 daAuts
  Lair:2: 1880 daAuts
    D:15: 1861 daAuts
     D:9: 1829 daAuts
     D:5: 1819 daAuts
Depths:4: 1817 daAuts
 Crypt:1: 1782 daAuts
